 Dungeon Crawl Stone Soup version 0.27-a0-652-g2d5cf1dcd3 (webtiles) character file.

Game seed: 12946847601843384067

1341057 Gwrg the Conqueror (level 27, -6/273 HPs)
             Began as a Minotaur Gladiator on Feb 19, 2021.
             Was the Champion of the Shining One.
             Mangled by an eldritch tentacle (12 damage)
             ... called by a Zot trap
             ... on level 2 of the Tomb of the Ancients on Mar 16, 2021.
             The game lasted 1 day 00:46:27 (113192 turns).

Gwrg the Conqueror (Minotaur Gladiator)       Turns: 113192, Time: 1 , 00:46:27

Health: -6/273     AC: 36    Str: 37    XL:     27
Magic:  14/30      EV: 28    Int: 13    God:    the Shining One [******]
Gold:   15297      SH: 22    Dex: 16    Spells: 26/26 levels left

rFire    + + +     SeeInvis .   v - +9 eveningstar (holy)
rCold    + + +     Faith    .   L - +2 shield of Resistance {rF++ rC++ Will++}
rNeg     + + +     Spirit   .   Z - +1 gold dragon scales "Zualev Sanee" {rPois rF+ rC+ Str+3}
rPois    +         Reflect  .   E - -2 hat of the Alchemist {rElec rPois rF+ rC+ rN+ Will+ rMut rCorr}
rElec    +         Harm     .   R - +1 cloak of Starlight {*Dazzle EV+4 Stlth--}
rCorr    +         Rampage  .   u - +4 pair of gloves of the Flute {Int+7}
rMut     +                      x - +2 pair of boots {Fly}
Will     +++++                  U - amulet of Lady Luck {rElec rC+ Regen+}
Stlth    ..........             a - ring "Ywech" {rN+++ rCorr MP-9 Str-2 Slay+6}
HPRegen  1.55/turn              g - ring "Used Kov" {rC- EV+4 Str+9 Slay+4}
MPRegen  0.22/turn

@: lethally poisoned (-6 -> -10), slowed, glowing, studying Fighting, very slow
A: horns 2, retaliatory headbutt, hooves 1, thin metallic scales 1, yellow
scales 1, blink, blurry vision 1, deformed body, poison resistance, evolution 1
}: 14/15 runes: barnacled, slimy, silver, iron, obsidian, icy, bone, abyssal,
demonic, glowing, magical, fiery, dark, gossamer
a: Blink, Renounce Religion, Evoke Flight, Divine Shield, Cleansing Flame,
Summon Divine Warrior, Brand Weapon With Holy Wrath


You were on level 2 of the Tomb of the Ancients.
You worshipped the Shining One.
The Shining One was exalted by your worship.
You visited 17 branches of the dungeon, and saw 86 of its levels.
You visited Pandemonium 2 times, and saw 21 of its levels.
You visited the Abyss 1 time.
You also visited: Trove, Bailey, Gauntlet, Ice Cave, Wizlab and Desolation.

You collected 18520 gold pieces.
You spent 3223 gold pieces at shops.

Inventory:

Hand Weapons
 v - a +9 eveningstar of holy wrath (weapon)
 P - the +9 hand crossbow of Terra Nullius {penet, rF+++ Will+ Str-2 Int+3}
   (You found it on level 3 of the Elven Halls)

   Ammo fired by it passes through the targets it hits, potentially hitting all
   targets in its path until it reaches maximum range.
   It affects your strength (-2).
   It affects your intelligence (+3).
   It renders you almost immune to fire.
   It affects your willpower, your defense against some magical effects.
 T - the +8 war axe "Foaceuf" {protect, Str-2 Dex+3}
   (You found it on level 4 of the Shoals)

   It grants its wielder temporary protection when it strikes (+7 to AC).
   It affects your strength (-2).
   It affects your dexterity (+3).
Missiles
 d - 5 throwing nets (quivered)
 e - 44 silver javelins
 r - 35 boomerangs of dispersal
 A - 28 stones
 V - 869 bolts
Armour
 j - a +2 hat
 u - the +4 pair of gloves of the Flute (worn) {Int+7}
   (You found it in a treasure trove)

   It affects your intelligence (+7).
 x - a +2 pair of boots of flying (worn)
 B - a scarf of shadows
 E - the -2 hat of the Alchemist (worn) {rElec rPois rF+ rC+ rN+ Will+ rMut rCorr}
   (You found it on level 5 of the Pits of Slime)

   It protects you from fire.
   It protects you from cold.
   It insulates you from electricity.
   It protects you from poison.
   It protects you from negative energy.
   It affects your willpower, your defense against some magical effects.
   It provides partial protection from all sources of acid and corrosion.
   It protects you from mutation.
 L - the +2 shield of Resistance (worn) {rF++ rC++ Will++}
   (You found it in the Desolation of Salt)

   It greatly protects you from fire.
   It greatly protects you from cold.
   It affects your willpower, your defense against some magical effects.
 Q - the +5 pair of boots of Saesol {Harm Rampage Regen+ Str-2}
   (You found it in Pandemonium)

   It affects your strength (-2).
   It increases your rate of regeneration.
   It increases damage dealt and taken.
   It bestows one free step when moving towards enemies.
 R - the +1 cloak of Starlight (worn) {*Dazzle EV+4 Stlth--}
   (You found it in a wizard's laboratory)

   It affects your evasion (+4).
   It makes you much less stealthy.
 Z - the +1 gold dragon scales "Zualev Sanee" (worn) {rPois rF+ rC+ Str+3}
   (You found it in a bailey)

   It affects your strength (+3).
   It protects you from fire.
   It protects you from cold.
   It protects you from poison.
Jewellery
 a - the ring "Ywech" (right hand) {rN+++ rCorr MP-9 Str-2 Slay+6}
   (You found it on level 3 of the Elven Halls)

   [ring of resist corrosion]

   It affects your strength (-2).
   It affects your accuracy and damage with ranged weapons and melee attacks
   (+6).
   It renders you almost immune to negative energy.
   It affects your magic capacity (-9).
   It provides partial protection from all sources of acid and corrosion.
 g - the ring "Used Kov" (left hand) {rC- EV+4 Str+9 Slay+4}
   (You took it off a minotaur in a Gauntlet)

   [ring of evasion]

   It affects your evasion (+4).
   It affects your strength (+9).
   It affects your accuracy and damage with ranged weapons and melee attacks
   (+4).
   It makes you vulnerable to cold.
 U - the amulet of Lady Luck (around neck) {rElec rC+ Regen+}
   (You took it off a fire giant on level 2 of the Depths)

   [amulet of regeneration]

   It protects you from cold.
   It insulates you from electricity.
   It increases your rate of regeneration.
Wands
 h - a wand of iceblast (47)
 w - a wand of digging (27)
 y - a wand of flame (48)
 J - a wand of charming (42)
 S - a wand of paralysis (8)
 W - a wand of acid (19)
Scrolls
 c - a scroll of summoning
 k - 28 scrolls of teleportation
 l - 2 scrolls of fear
 o - 19 scrolls of identify
 p - 7 scrolls of immolation
 C - 2 scrolls of blinking
 H - 9 scrolls of fog
 K - 5 scrolls of magic mapping
 O - 5 scrolls of holy word
 X - 3 scrolls of silence
Potions
 f - 2 potions of mutation
 i - 26 potions of curing
 m - 3 potions of lignification
 n - 6 potions of heal wounds
 q - 5 potions of resistance
 s - 9 potions of magic
 t - 6 potions of might
 z - 7 potions of haste
 G - 4 potions of cancellation
 I - 9 potions of ambrosia
Miscellaneous
 b - a box of beasts
 F - a lightning rod (4/4)
 M - a tin of tremorstones (2/2)
 N - a phial of floods
 Y - a phantom mirror


   Skills:
 O Level 27 Fighting
 - Level 6.5 Long Blades
 * Level 22.8(27) Axes
 O Level 27 Maces & Flails
 - Level 20.0(23.5) Slings
 * Level 23.5 Crossbows
 * Level 20.4(22.8) Throwing
 + Level 25.5 Armour
 * Level 24.1 Dodging
 - Level 1.0 Stealth
 O Level 27 Shields
 - Level 1.3 Unarmed Combat
 * Level 26.0 Invocations
 - Level 15.0 Evocations


You had 26 spell levels left.
You didn't know any spells.
Your spell library contained the following spells:

 Spells                   Type           Power      Damage    Failure   Level
 Animate Skeleton         Necr           0%         N/A       80%         1
 Apportation              Tloc           0%         N/A       80%         1
 Beastly Appendage        Tmut           0%         N/A       80%         1
 Corona                   Hex            0%         N/A       80%         1
 Foxfire                  Conj/Fire      0%         2x1d4     80%         1
 Freeze                   Ice            0%         1d3       80%         1
 Magic Dart               Conj           0%         1d3       80%         1
 Pain                     Necr           0%         1d4       80%         1
 Sandblast                Erth           0%         2d4       80%         1
 Shock                    Conj/Air       0%         1d3       80%         1
 Sting                    Tmut/Pois      0%         1d3       80%         1
 Summon Small Mammal      Summ           0%         N/A       80%         1
 Blink                    Tloc           N/A        N/A       90%         2
 Call Imp                 Summ           0%         N/A       90%         2
 Corpse Rot               Necr/Air       N/A        N/A       90%         2
 Passwall                 Tmut/Erth      0%         N/A       90%         2
 Poisonous Vapours        Pois/Air       0%         N/A       90%         2
 Searing Ray              Conj           0%         3d3       90%         2
 Slow                     Hex            0%         N/A       90%         2
 Sublimation of Blood     Necr           0%         N/A       90%         2
 Swiftness                Air            0%         N/A       90%         2
 Wereblood                Tmut           0%         N/A       90%         2
 Confusing Touch          Hex            0%         N/A       99%         3
 Conjure Flame            Conj/Fire      0%         6-21      99%         3
 Dazzling Flash           Conj/Hex       0%         N/A       99%         3
 Frozen Ramparts          Ice            0%         1d2       99%         3
 Gell's Gravitas          Tloc           0%         N/A       99%         3
 Ignite Poison            Fire/Tmut/Pois 0%         N/A       99%         3
 Inner Flame              Hex/Fire       0%         N/A       99%         3
 Lesser Beckoning         Tloc           0%         N/A       99%         3
 Mephitic Cloud           Conj/Pois/Air  0%         N/A       99%         3
 Ozocubu's Armour         Ice            0%         N/A       99%         3
 Portal Projectile        Hex/Tloc       0%         N/A       99%         3
 Spider Form              Tmut/Pois      0%         N/A       99%         3
 Static Discharge         Conj/Air       0%         N/A       99%         3
 Stone Arrow              Conj/Erth      0%         3d7       99%         3
 Summon Guardian Golem    Hex/Summ       0%         N/A       99%         3
 Teleport Other           Tloc           0%         N/A       99%         3
 Vampiric Draining        Necr           0%         2d6       99%         3
 Airstrike                Air            0%         N/A       100%        4
 Animate Armour           Summ/Erth      0%         N/A       100%        4
 Animate Dead             Necr           0%         N/A       100%        4
 Cause Fear               Hex            0%         N/A       100%        4
 Dispel Undead            Necr           0%         3d6       100%        4
 Fulminant Prism          Conj/Hex       0%         3d6       100%        4
 Hailstorm                Conj/Ice       0%         3d3       100%        4
 Ice Form                 Ice/Tmut       0%         N/A       100%        4
 Iskenderun's Mystic Bla  Conj/Tloc      0%         2d3       100%        4
 Leda's Liquefaction      Hex/Erth       0%         N/A       100%        4
 Manifold Assault         Tloc           0%         N/A       100%        4
 Olgreb's Toxic Radiance  Pois           0%         N/A       100%        4
 Petrify                  Tmut/Erth      0%         N/A       100%        4
 Sticky Flame             Conj/Fire      0%         2d3       100%        4
 Summon Ice Beast         Ice/Summ       0%         N/A       100%        4
 Summon Lightning Spire   Summ/Air       0%         N/A       100%        4
 Agony                    Necr           0%         N/A       100%        5
 Alistair's Intoxication  Tmut/Pois      0%         N/A       100%        5
 Blade Hands              Tmut           0%         N/A       100%        5
 Bolt of Magma            Conj/Fire/Erth 0%         4d4       100%        5
 Borgnjor's Vile Clutch   Necr/Erth      0%         N/A       100%        5
 Excruciating Wounds      Necr           0%         N/A       100%        5
 Fireball                 Conj/Fire      0%         3d3       100%        5
 Irradiate                Conj/Tmut      0%         3d13      100%        5
 Iskenderun's Battlesphe  Conj           0%         2d6       100%        5
 Lee's Rapid Deconstruct  Erth           0%         3d5*      100%        5
 Lightning Bolt           Conj/Air       0%         1d11      100%        5
 Metabolic Englaciation   Hex/Ice        0%         N/A       100%        5
 Silence                  Hex/Air        0%         N/A       100%        5
 Summon Forest            Summ/Tloc      0%         N/A       100%        5
 Summon Mana Viper        Hex/Summ       0%         N/A       100%        5
 Yara's Violent Unravell  Hex/Tmut       0%         3d3       100%        5
 Conjure Ball Lightning   Conj/Air       0%         3x3d6     100%        6
 Death Channel            Necr           0%         N/A       100%        6
 Dispersal                Tloc           0%         N/A       100%        6
 Eringya's Noxious Bog    Tmut/Pois      0%         N/A       100%        6
 Freezing Cloud           Conj/Ice/Air   0%         6-21      100%        6
 Hydra Form               Tmut           0%         N/A       100%        6
 Iron Shot                Conj/Erth      0%         9d1       100%        6
 Shadow Creatures         Summ           N/A        N/A       100%        6
 Simulacrum               Ice/Necr       0%         N/A       100%        6
 Statue Form              Tmut/Erth      0%         N/A       100%        6
 Dragon Form              Tmut           0%         N/A       100%        7
 Haunt                    Necr/Summ      0%         N/A       100%        7
 Malign Gateway           Summ/Tloc      0%         N/A       100%        7
 Monstrous Menagerie      Summ           0%         N/A       100%        7
 Orb of Destruction       Conj           0%         N/A       100%        7
 Ozocubu's Refrigeration  Ice            0%         4d5       100%        7
 Spellforged Servitor     Conj/Summ      0%         N/A       100%        7
 Summon Hydra             Summ           0%         N/A       100%        7
 Chain Lightning          Conj/Air       0%         N/A       100%        8
 Discord                  Hex            0%         N/A       100%        8
 Lehudib's Crystal Spear  Conj/Erth      0%         10d2      100%        8
 Summon Horrible Things   Summ           0%         N/A       100%        8
 Absolute Zero            Ice            0%         ∞         100%        9
 Fire Storm               Conj/Fire      0%         5d1       100%        9
 Tornado                  Air            0%         N/A       100%        9


Dungeon Overview and Level Annotations

Branches:
Dungeon (15/15)            Temple (0/1) D:4            Lair (6/6) D:10
 Shoals (4/4) Lair:4       Spider (4/4) Lair:3        Slime (5/5) Lair:5
    Orc (2/2) D:9             Elf (3/3) Orc:2        Vaults (5/5) D:14
  Crypt (3/3) Vaults:3       Tomb (2/3) Crypt:3      Depths (5/5) D:15
   Hell (visited)             Dis (7/7) Hell            Geh (7/7) Hell
    Coc (7/7) Hell            Tar (7/7) Hell            Zot (4/5) Depths:5
 Bailey (visited)           IceCv (visited)          WizLab (visited)
Desolation (visited)      Gauntlet (visited)

Altars:
Ashenzari
Dithmenos
Elyvilon
Fedhas
Gozag
Kikubaaqudgha
Okawaru
Qazlal
Ru
Trog
Uskayaw
Vehumet
Xom
Yredelemnul
Zin
The Shining One
Beogh
Jiyva

Shops:
D:8 ***   D:9 [(   D:12 [   Orc:2 ((:=   Elf:2 =(   Elf:3 (:[*?   Shoals:2 *?[*
Vaults:1 ?   Vaults:2 (   Depths:3 *   Depths:5 :(=**

Portals:
Hell: Depths:1 Depths:2 Depths:3 Depths:4 Depths:5
Abyss: Elf:2 Depths:1 Depths:4
Pandemonium: Depths:3
Ziggurat: Depths:3

Annotations:
D:5 2 runed translucent doors, Astera's ghost, novice PaFi
D:10 2 transporters
Vaults:1 36 runed doors
Zot:1 1 transporter


Innate Abilities, Weirdness & Mutations

You have a pair of horns on your head.
You reflexively headbutt those who attack you in melee.
You have large cloven feet.
You are partially covered in thin metallic scales. (AC +2)
You are partially covered in yellow scales. (AC +2)
You can translocate small distances at will.
Scrolls take you a little longer to read.
Armour fits poorly on your strangely shaped body.
Your system is resistant to poisons. (rPois)
You evolve.


Message History

You destroy the death scarab!
The death scarab's corpse disappears in a puff of smoke!
The golden flame engulfs the death scarab!!!!
The death scarab writhes in agony!
You destroy the death scarab!
The death scarab's corpse disappears in a puff of smoke!
The golden flame engulfs the death scarab!!!
The death scarab writhes in agony!
You destroy the death scarab!
The death scarab's corpse disappears in a puff of smoke!
The golden flame engulfs the guardian mummy!!
The guardian mummy writhes in agony!
The guardian mummy is severely damaged.
The golden flame engulfs the titan zombie!!!!
The titan zombie writhes in agony!
The titan zombie is heavily damaged.
The golden flame engulfs the ushabti!
The ushabti is heavily damaged.
You are engulfed in dark miasma.
You are more poisoned.
You feel as though you will be slow longer.
* * * LOW HITPOINT WARNING * * *
You feel very sick.
You block the eldritch tentacle's attack.
The eldritch tentacle completely misses you.
The royal mummy casts a spell at the ushabti.
Something smites you!
* * * LOW HITPOINT WARNING * * *
The royal mummy gestures wildly while chanting.
Your angel barely misses the emperor scorpion.
Your angel hits the emperor scorpion but does no damage.
The royal mummy gestures at you while chanting.
Something smites you!
* * * LOW HITPOINT WARNING * * *
The royal mummy gestures at you while chanting.
Something smites you!
* * * LOW HITPOINT WARNING * * *
The mummy priest utters an invocation to its god.
You block the death scarab's attack. The eldritch tentacle slaps you!
You die...

*,,,,,*********+**************+*
*,,,,,*,.......MW......,,,,,,*,^
***+***,...............,,,,,,*,,
*,,,,,*,.....3.........,,,,,,*,^
*,,,,,*,...°...4......^,,,,^,*,,
*,,,,,+,.<.^○..MM......,,,,,,*,,
*,,,,,*,.....○..ZB.s.M^.,,,,,*,,
*******,,#....M§Bs..BB..^*,,,***
*,,,,,*,,#.....@###./...,*,,,*,^
*^,,,,*,,#....w#Mz.#....,*,,,*,,
*,,,,,*,,#...(#\8☼.^#..,.*,,,*,,
*,,,,,*,..#..#..*sM..#,.#,,,,*,,
*,,,,,*,.,#..#..M.A..#§.#,,,,*,,
*,,,,^*,,,#.#..M.MM...#,*,,,,*<,
*,,,,^*,,,.##...M.....##,,,,,*,,
*,,,,,*,,..#....°......#,,,,,*,,
*,,,,,*,,,,##...○^..§.##,,,,,*,,


You could see 4 royal mummies, an eldritch tentacle, 3 emperor scorpions, 2
mummy priests, a soul eater (summoned), a shadow wraith (summoned, invisible),
an orange demon (summoned), 2 guardian mummies, an ushabti (ally target), 4
death scarabs, a flying skull (summoned), 3 mummies, a titan zombie and a
friendly angel (summoned).

Vanquished Creatures
  Antaeus (Coc:7)
  Asmodeus (Geh:7)
  the Royal Jelly (Slime:5)
  Ereshkigal (Tar:7)
  the Serpent of Hell (Geh:7)
  Gloorx Vloq (Pan)
  Mnoleg (Pan)
  Lom Lobon (Pan)
  2 dread liches
  Tiamat (Zot:3)
  4 ancient liches
  Mara (Depths:3)
  Mennas (Depths:3)
  2 juggernauts
  The ghost of Qisahyorgh the Hawkeye, a master GnTm of Cheibriados (Vaults:1)
  3 royal mummies (Tomb:1)
  8 pandemonium lords (Pan)
  Frederick (Vaults:2)
  14 shard shrikes
  10 caustic shrikes
  2 curse toes
  Xtahua (Crypt:1)
  16 golden dragons
  Nikola (Shoals:1)
  14 bone dragons
  Geryon (Hell)
  the Enchantress (Depths:3)
  A profane servitor (Elf:2)
  5 doom hounds
  The ghost of Cakin the Tortoise, an adept DDNe of Okawaru (Elf:2)
  15 Tzitzimimeh
  27 Brimstone Fiends
  2 electric golems (Zot:3)
  5 iron giants (Dis:7)
  17 tentacled monstrosities
  7 Hell Sentinels
  15 liches
  14 Ice Fiends
  2 deep elf master archers (Elf:3)
  The ghost of Vohiat the Genius of the Arcane, an adept DsIE of Sif Muna (Elf:3)
  13 titans
  12 quicksilver dragons
  3 deep elf blademasters
  Asterion (Vaults:2)
  28 acid blobs
  11 tentacled starspawn
  An acid blob (shapeshifter) (Elf:2)
  A kraken (Shoals:2)
  A thorn hunter (Abyss:5)
  8 ancient champions
  9 sphinxes
  26 Executioners
  Agnes (Spider:3)
  12 tengu reavers
  4 draconian monks
  7 death cobs
  Ilsuiw (Shoals:3)
  20 shadow dragons
  20 storm dragons
  13 azure jellies
  8 daevas (Pan)
  9 blood saints (Pan)
  3 revenants
  19 fire giants
  Louise (D:15)
  11 iron dragons
  3 orc warlords (Depths:1)
  7 deep elf sorcerers
  24 frost giants
  5 ghost moths
  46 balrugs
  14 vault wardens
  7 draconian scorchers
  8 draconian knights
  5 draconian shifters
  10 angels
  32 cacodemons
  An imperial myrmidon (Desolation)
  5 curse skulls
  9 warmongers (Pan)
  6 deep elf elementalists
  A juggernaut zombie (Depths:4)
  5 draconian annihilators
  2 draconian stormcallers (Zot:4)
  29 war gargoyles
  5 emperor scorpions
  A juggernaut skeleton (Depths:4)
  10 ironbound preservers
  7 ghouls
  5 spriggan defenders
  28 very ugly things
  47 reapers
  4 elemental wellsprings (Coc:7)
  10 apis (Pan)
  12 corrupters (Pan)
  27 stone giants
  9 green draconians
  8 ophanim (Pan)
  10 vampire knights
  7 white draconians
  The ghost of abdbla the Grappler, a journeyman TrMo of Okawaru (Lair:3)
  3 entropy weavers
  6 deep elf demonologists
  12 black draconians
  11 black suns (Pan)
  2 bennus (Tomb:1)
  5 purple draconians
  4 red draconians
  13 deep elf annihilators
  9 lorocyprocas
  2 dire elephants
  18 yellow draconians
  3 halazid warlocks (Desolation)
  16 spark wasps
  2 minotaurs
  13 merfolk impalers
  29 blizzard demons
  14 ettins
  5 merfolk javelineers (Shoals:4)
  8 ragged hierophants (Desolation)
  Josephine (D:15)
  6 deep elf death magi
  16 fire dragons
  2 quicksilver dragon zombies
  4 deep elf high priests
  11 removed death oozes
  17 green deaths (Pan)
  6 jiangshi (Crypt:2)
  A kraken zombie (Coc:1)
  5 mummy priests
  6 crystal guardians
  28 vault guards
  15 yaktaur captains
  A hydra (shapeshifter) (Depths:4)
  25 great orbs of eyes
  31 ice dragons
  3 hell beasts
  8 hydras
  9 monstrous demonspawn (Pan)
  8 spriggan air magi
  A catoblepas (shapeshifter) (Vaults:3)
  6 peacekeepers (Desolation)
  10 ogre magi
  11 rakshasas
  2 alligator snapping turtles
  7 servants of whispers (Desolation)
  4 quicksilver dragon skeletons
  8 boulder beetles
  6 merfolk avatars
  An anaconda (Shoals:3)
  A naga warrior (Abyss:4)
  A catoblepas (Lair:6)
  11 centaur warriors
  3 satyrs
  A two-headed ogre (shapeshifter) (Depths:4)
  6 death knights
  8 tengu warriors
  An alligator (Shoals:3)
  28 dancing weapons
  14 two-headed ogres
  5 death yaks
  13 deep troll earth magi
  11 deep troll shamans
  20 death scarabs
  5 merfolk aquamancers
  An orc high priest (Depths:1)
  28 hell hogs
  8 vampire magi
  5 titan zombies
  28 deep elf knights
  8 storm dragon zombies
  12 thrashing horrors
  16 iron golems
  38 soul eaters
  32 sixfirhies
  3 shock serpents (Pan)
  4 spriggan berserkers
  30 hell knights
  80 sun demons
  14 iron trolls
  11 shadow wraiths
  15 wretched stars
  3 unseen horrors
  A death drake (shapeshifter) (Depths:1)
  2 titan skeletons (Geh:7)
  A fire crab (Geh:5)
  115 skeletal warriors
  A ghost moth zombie (Dis:4)
  A spatial maelstrom (Abyss:5)
  7 cherubim (Pan)
  3 quicksilver dragon simulacra
  22 deep trolls
  9 sea snakes
  6 golden dragon zombies
  16 flayed ghosts
  10 glowing orange brains
  A sea snake (shapeshifter) (Depths:5)
  2 storm dragon skeletons
  14 phantasmal warriors
  A fire crab (shapeshifter) (Vaults:4)
  12 torturous demonspawn (Pan)
  A kraken simulacrum (Shoals:4)
  15 gelid demonspawn (Pan)
  12 infernal demonspawn
  3 orange crystal statues
  16 orc knights
  2 death drakes
  7 anaconda zombies
  14 shadow demons
  2 shadow dragon zombies
  3 anaconda skeletons (Hell)
  19 harpies
  23 deep elf archers
  An obsidian statue (WizLab)
  13 orb spiders
  19 ironbound convokers
  A wolf spider (shapeshifter) (Depths:2)
  17 necromancers
  13 wizards
  27 wolf spiders
  2 human zombies
  31 deep elf zephyrmancers
  A mana viper (WizLab)
  5 golden dragon skeletons
  6 shining eyes
  3 wolf spider zombies
  3 lindwurms
  3 iron dragon zombies
  14 fauns
  27 deep elf pyromancers
  7 orc sorcerers
  67 ugly things
  15 manticores
  6 worldbinders
  A faun (shapeshifter) (Vaults:4)
  3 oklob plants (Zot:4)
  3 stone giant zombies
  6 fire giant zombies
  8 cyclopes
  A salamander (D:15)
  A shadow dragon skeleton (Crypt:3)
  8 draconians (Zot:3)
  9 frost giant zombies
  5 black mambas
  A will-o-the-wisp (Abyss:5)
  3 iron dragon skeletons
  18 moths of wrath
  3 fire giant skeletons
  45 smoke demons
  8 merfolk sirens
  7 guardian serpents
  9 water nymphs
  5 stone giant skeletons
  2 torpor snails
  5 eyes of devastation
  A guardian serpent (shapeshifter) (Depths:2)
  34 orange demons
  36 rust devils
  A titan simulacrum (Abyss:4)
  2 apocalypse crabs
  17 vault sentinels
  7 molten gargoyles
  A shock serpent zombie (Tar:2)
  A gargoyle (D:13)
  2 elf zombies
  6 frost giant skeletons
  5 dire elephant zombies
  15 cane toads
  5 ice statues
  6 dire elephant skeletons
  A torpor snail (shapeshifter) (Vaults:3)
  9 rime drakes
  A sea snake zombie (Crypt:2)
  A cane toad (shapeshifter) (Vaults:1)
  A storm dragon simulacrum (Vaults:2)
  46 yaktaurs
  Psyche (D:12)
  2 emperor scorpion zombies
  30 hellions
  A rime drake (shapeshifter) (Depths:4)
  A yaktaur zombie (Vaults:2)
  13 efreet
  A catoblepas zombie (Tar:3)
  A komodo dragon (shapeshifter) (Depths:2)
  29 demonic crawlers
  An entropy weaver simulacrum (Vaults:2)
  7 komodo dragons
  10 guardian mummies
  48 tormentors
  12 ancient zymes
  59 ice devils
  32 hellwings
  2 catoblepas skeletons
  13 hydra zombies
  3 tengu conjurers
  38 freezing wraiths
  3 meliai (Abyss:3)
  4 silent spectres
  3 harpy zombies
  4 trolls (shapeshifter)
  4 wind drakes
  47 red devils
  4 trolls
  33 jumping spiders
  34 merfolk
  A tengu simulacrum (Vaults:2)
  2 queen bees (shapeshifter)
  26 hornets
  A polar bear (Lair:6)
  2 hornets (shapeshifter)
  30 raiju
  2 alligator zombies
  145 slime creatures
  Grinder (D:4)
  A frost giant simulacrum (Vaults:2)
  49 saltlings (Desolation)
  2 slime creatures (shapeshifter)
  8 ettin zombies
  3 hydra skeletons
  2 harpy skeletons
  24 blink frogs
  5 ice dragon zombies
  2 dream sheep (Shoals:3)
  5 snapping turtles
  106 flying skulls
  85 large abominations
  A centaur simulacrum (D:15)
  9 spriggans
  A fire dragon zombie (Geh:7)
  55 starcursed masses
  3 alligator skeletons
  A spriggan (shapeshifter) (Depths:2)
  8 ettin skeletons
  17 shadows
  3 vampires
  44 redbacks
  61 yaks
  2 fire dragon skeletons (Pan)
  18 tarantellas
  A wyvern (shapeshifter) (Elf:2)
  3 black mamba zombies
  2 fire bats (Geh:6)
  41 ynoxinuls
  5 ice dragon skeletons
  A yak (shapeshifter) (Depths:2)
  2 black mamba skeletons
  A tarantella (shapeshifter) (D:14)
  A hog (shapeshifter) (Vaults:4)
  36 wraiths
  A spriggan simulacrum (Depths:4)
  8 basilisks
  32 water elementals
  5 wyverns
  19 small abominations
  18 fire elementals
  3 ushabtiu
  9 golden eyes (Slime:4)
  30 chaos spawn
  37 neqoxecs
  3 steam dragons
  6 vampire mosquitoes
  Menkaure (D:5)
  A black draconian simulacrum (Tar:3)
  A naga (Abyss:4)
  7 spatial vortices
  6 wargs
  An infernal demonspawn zombie (Crypt:2)
  A swamp worm (shapeshifter) (Vaults:5)
  2 acid dragons (shapeshifter)
  2 soldier ants
  A gelid demonspawn skeleton (WizLab)
  9 cane toad zombies
  3 floating eyes
  6 acid dragons
  49 hell hounds
  60 orc warriors
  11 water moccasins
  23 necrophages
  2 black bears (D:10)
  12 removed eyes of draining
  3 cane toad skeletons
  25 ice beasts
  An ice dragon simulacrum (Hell)
  4 sky beasts
  3 swamp dragon zombies
  3 alligator simulacra
  4 snapping turtle zombies
  7 boggarts
  A tengu (shapeshifter) (Depths:2)
  24 wolves
  A swamp drake (shapeshifter) (Depths:2)
  21 ogres
  4 snapping turtle skeletons
  A manticore zombie (Hell)
  A swamp dragon skeleton (Crypt:2)
  8 phantoms
  26 centaurs
  A manticore skeleton (Abyss:2)
  4 kobold brigands
  27 bullfrogs
  A yaktaur skeleton (Crypt:2)
  3 earth elementals
  A water moccasin zombie (D:11)
  A cane toad simulacrum (Coc:7)
  A komodo dragon skeleton (Crypt:1)
  A merfolk simulacrum (Coc:7)
  5 scorpions
  A wyvern skeleton (D:7)
  A spriggan zombie (Crypt:2)
  11 killer bees
  A spriggan skeleton (Crypt:2)
  A troll skeleton (Pan)
  51 wights
  2 electric eels
  14 crimson imps
  8 quasits
  3 centaur zombies
  A bullfrog zombie (D:7)
  18 jellies
  16 orc priests
  3 bullfrog skeletons
  A gnoll shaman (D:6)
  7 hounds
  10 iron imps
  5 centaur skeletons
  9 worker ants
  4 iguanas
  5 human skeletons
  29 orc wizards
  2 lightning spires (Gauntlet)
  A tengu zombie (Tar:4)
  A felid skeleton (Crypt:2)
  2 ogre skeletons
  2 hound zombies
  3 hound skeletons
  20 mummies
  A worker ant zombie (D:11)
  8 adders
  2 swamp drake skeletons (Crypt:2)
  19 shadow imps
  19 white imps
  7 ufetubi
  An ooze (D:1)
  3 adder skeletons
  An adder zombie (D:8)
  5 worms
  A barachi skeleton (Crypt:1)
  A dart slug (D:1)
  6 leopard geckos
  135 orcs
  8 bats
  3 giant cockroaches
  11 goblins
  10 hobgoblins
  2 jackals (D:5)
  6 quokkas
  2 ball pythons
  A ball python skeleton (D:5)
  6 frilled lizards
  2 jackal skeletons (Crypt:1)
  A jackal zombie (D:5)
  32 kobolds
  A kobold skeleton (Pan)
  2 kobold zombies
  2 leopard gecko skeletons
  A leopard gecko zombie (D:5)
  A quokka skeleton (D:5)
  3 rats
  A rat zombie (D:9)
  A briar patch (Abyss:5)
  2 demonic plants (Pan)
  3 lurking horrors
  A starspawn tentacle (WizLab)
  8 tentacles
5086 creatures vanquished.

Vanquished Creatures (collateral kills)
  Cerebov (Pan)
  Dispater (Dis:7)
  Margery (Vaults:3)
  A golden dragon (Zot:3)
  A profane servitor (Abyss:4)
  3 bone dragons (Tar:7)
  A doom hound (Tar:7)
  2 Tzitzimimeh (Tar:7)
  Rupert (D:13)
  A hellephant (Pan)
  A tentacled monstrosity (Vaults:5)
  3 Hell Sentinels
  Polyphemus (Shoals:4)
  2 thorn hunters (Abyss:5)
  2 Executioners
  An ancient champion (Dis:7)
  3 shadow dragons (Tar:7)
  A tengu reaver (Vaults:4)
  A revenant (Abyss:5)
  A daeva (Pan)
  A vault warden (Vaults:1)
  2 cacodemons (Pan)
  An imperial myrmidon (Desolation)
  2 warmongers (Pan)
  The ghost of Rokh the Carver, a journeyman DsFi of Okawaru (Spider:1)
  A balrug (Pan)
  3 angels (Pan)
  An ironbound preserver (Vaults:4)
  5 war gargoyles
  2 ophanim (Pan)
  3 reapers
  A vampire knight (Tar:7)
  A stone giant (Vaults:4)
  A blood saint (Pan)
  A corrupter (Pan)
  An apis (Pan)
  A very ugly thing (Pan)
  A black sun (Pan)
  The ghost of Qungiab the Protected, a journeyman DsVM of Ashenzari (Lair:4)
  A lorocyproca (Pan)
  A crystal guardian (Elf:2)
  A green death (Pan)
  4 blizzard demons (Pan)
  2 great orbs of eyes (Vaults:4)
  A peacekeeper (Desolation)
  A kraken zombie (Hell)
  A spriggan air mage (Depths:3)
  3 rakshasas
  An ogre mage (Vaults:4)
  A ghost crab (Tar:7)
  A catoblepas (Shoals:4)
  A death yak (Shoals:4)
  A two-headed ogre (Vaults:5)
  A death scarab (Tomb:1)
  A hell hog (Hell)
  4 thrashing horrors
  A sun demon (Hell)
  A titan skeleton (Tar:7)
  2 iron golems (Dis:7)
  A soul eater (Pan)
  A storm dragon zombie (Tar:7)
  A storm dragon skeleton (Tar:7)
  A shadow wraith (Pan)
  3 skeletal warriors
  6 sixfirhies (Pan)
  A torturous demonspawn (Pan)
  2 flayed ghosts (Vaults:4)
  An anaconda zombie (Tar:7)
  A deep troll (Vaults:5)
  A cherub (Pan)
  An unseen horror (Abyss:5)
  An infernal demonspawn (Pan)
  3 phantasmal warriors
  An orc knight (Vaults:4)
  A wolf spider zombie (Dis:7)
  2 ironbound convokers
  A frost giant zombie (Hell)
  A fire giant zombie (Tar:7)
  An iron dragon zombie (Hell)
  2 wolf spiders
  4 ugly things (Pan)
  3 deep elf zephyrmancers (Vaults:4)
  A worldbinder (Elf:2)
  An elephant (Lair:4)
  2 merfolk sirens (Shoals:4)
  A rust devil (Pan)
  6 smoke demons
  6 orange demons (Pan)
  A hellion (Geh:7)
  A yaktaur (Vaults:4)
  2 ice devils
  A tormentor (Tar:7)
  2 demonic crawlers (Pan)
  4 guardian mummies
  A jumping spider (Spider:1)
  A wind drake (Shoals:4)
  2 red devils
  A merfolk (Shoals:4)
  8 saltlings (Desolation)
  4 raiju
  A harpy skeleton (Tar:7)
  A snapping turtle (Shoals:4)
  An alligator zombie (Hell)
  7 flying skulls (Tar:7)
  A tarantella (Lair:3)
  6 shadows (Tar:7)
  A fire elemental (Hell)
  2 chaos spawn (Pan)
  A neqoxec (Pan)
  A warg (Vaults:4)
  8 large abominations
  A cane toad zombie (Geh:7)
  A hell hound (Hell)
  A water moccasin (Lair:4)
  A small abomination (Abyss:5)
  3 orc warriors (Vaults:4)
  A snapping turtle zombie (Hell)
  11 starcursed masses
  A snapping turtle skeleton (Tar:7)
  4 necrophages (Tar:7)
  A wight (Tar:7)
  A crimson imp (Pan)
  2 orc wizards (Vaults:4)
  3 orcs
  A kobold zombie (Hell)
  A briar patch (Abyss:5)
  A fire vortex (Pan)
  2 tentacles (Hell)
240 creatures vanquished.

Vanquished Creatures (others)
  A Brimstone Fiend (Pan)
  An eldritch tentacle (WizLab)
  A balrug (Pan)
  A blood saint (Pan)
  A peacekeeper (Desolation)
  A rakshasa (Vaults:2)
  A deep troll earth mage (Depths:2)
  2 large abominations
  2 deep elf pyromancers
  A harpy (Vaults:2)
  A merfolk siren (Shoals:4)
  A smoke demon (Pan)
  2 orange demons (Pan)
  A freezing wraith (Abyss:4)
  A merfolk (Shoals:1)
  2 flying skulls (Coc:7)
  A water elemental (Coc:7)
  A hell hound (Dis:7)
  2 ogres (Vaults:5)
  A wight (Geh:7)
  2 small abominations
  A white imp (Abyss:4)
  An ufetubus (Abyss:1)
  An orc (Orc:1)
  16 ball lightnings
  2 briar patches (Abyss:5)
  4 bushes (Abyss:4)
  7 demonic plants (Abyss:4)
  A fire vortex (Pan)
  4 foxfires (Abyss:5)
  20 fungi
  2 lurking horrors (Abyss:4)
  55 plants
  29 starspawn tentacles
  18 tentacles
  A withered plant (Gauntlet)
189 creatures vanquished.

Grand Total: 5515 creatures vanquished

Notes
Turn   | Place    | Note
-------+----------+-------------------------------------------
     0 | D:1      | Gwrg the Minotaur Gladiator began the quest for the Orb.
     0 | D:1      | Reached XP level 1. HP: 18/18 MP: 0/0
   453 | D:1      | Reached XP level 2. HP: 25/25 MP: 1/1
  1113 | D:1      | Reached skill level 1 in Armour
  1140 | D:1      | Reached XP level 3. HP: 30/30 MP: 2/2
  1780 | D:2      | Found a blossoming altar of Fedhas.
  1932 | D:2      | Found a glowing golden altar of the Shining One.
  2210 | D:2      | Found a white marble altar of Elyvilon.
  2468 | D:2      | Reached XP level 4. HP: 28/37 MP: 3/3
  2816 | D:2      | Became a worshipper of the Shining One
  2885 | D:3      | Found a bloodstained altar of Trog.
  3023 | D:3      | Found an iron altar of Okawaru.
  3518 | D:4      | Found a staircase to the Ecumenical Temple.
  3566 | D:4      | Noticed Grinder
  3581 | D:4      | HP: 1/37 [Grinder/nerve-wracking pain (14)]
  3586 | D:4      | Paralysed by Grinder for 5 turns
  3599 | D:4      | Killed Grinder
  3600 | D:4      | Reached skill level 5 in Long Blades
  3600 | D:4      | Reached skill level 1 in Shields
  3600 | D:4      | Reached XP level 5. HP: 4/45 MP: 4/4
  3600 | D:4      | Reached XP level 6. HP: 5/51 MP: 5/5
  4903 | D:5      | Entered Level 5 of the Dungeon
  5003 | D:5      | Noticed Menkaure
  5041 | D:5      | Killed Menkaure
  5308 | D:5      | Reached XP level 7. HP: 57/57 MP: 6/6
  5431 | D:5      | Found a large runed translucent door.
  5431 | D:5      | Found a large runed translucent door.
  5566 | D:5      | Reached skill level 5 in Armour
  5765 | D:5      | Reached * piety under the Shining One
  5863 | D:5      | Noticed Astera's ghost (novice PaFi)
  5869 | D:5      | Got a slimy whip
  5870 | D:5      | Identified the +8 whip of Zyerph {holy, Int+3 Dex+4 SInv}
                  | (You found it on level 5 of the Dungeon)
  5959 | D:5      | Reached skill level 1 in Maces & Flails
  6129 | D:5      | Found a sacrificial altar of Ru.
  6176 | D:5      | Found a stormy altar of Qazlal.
  6201 | D:5      | Found an opulent altar of Gozag.
  6771 | D:6      | Reached skill level 1 in Stealth
  6914 | D:6      | Identified the +4 great sword of Zanyig {pain, rN+ Dex+3}
  6961 | D:6      | Reached XP level 8. HP: 67/67 MP: 7/7
  7091 | D:6      | Reached skill level 5 in Maces & Flails
  7228 | D:6      | Reached ** piety under the Shining One
  7325 | D:6      | Got a faintly glowing leather armour
  7336 | D:6      | Identified the +1 leather armour of Shadows and Fog
                  | {Rampage rElec rF+} (You found it on level 6 of the
                  | Dungeon)
  7496 | D:6      | Reached skill level 5 in Shields
  7679 | D:7      | Reached skill level 5 in Fighting
  7687 | D:7      | Got a jewelled scale mail
  7707 | D:6      | Identified the +0 scale mail of Xemus {Will+ Str-5 SInv
                  | Stlth+} (You found it on level 7 of the Dungeon)
  8006 | D:7      | Reached XP level 9. HP: 60/74 MP: 8/8
  8433 | D:7      | Found a hide-covered altar of Uskayaw.
  8498 | D:7      | Found a broken altar of Ashenzari.
  8563 | D:7      | Reached *** piety under the Shining One
  8783 | D:8      | Found Jaeniefiaj's Assorted Antiques.
  8787 | D:8      | Found Qani's General Store.
  8800 | D:8      | Bought 2 throwing nets for 60 gold pieces
  8800 | D:8      | Bought a potion of attraction for 30 gold pieces
  8800 | D:8      | Bought a scroll of teleportation for 30 gold pieces
  8800 | D:8      | Bought a scroll of holy word for 75 gold pieces
  9006 | D:8      | Found Tacux's General Store.
  9024 | D:8      | Bought a +0 cloak for 49 gold pieces
  9024 | D:8      | Bought a potion of brilliance for 44 gold pieces
  9702 | D:9      | Found an ancient bone altar of Kikubaaqudgha.
 10233 | D:8      | Reached XP level 10. HP: 67/83 MP: 9/9
 10320 | D:9      | Reached skill level 10 in Maces & Flails
 10501 | D:9      | Noticed a two-headed ogre
 10567 | D:8      | Killed a two-headed ogre
 10717 | D:8      | Reached skill level 5 in Dodging
 10740 | D:9      | Reached **** piety under the Shining One
 11297 | D:9      | Found a shadowy altar of Dithmenos.
 11302 | D:9      | Found a glowing silver altar of Zin.
 11325 | D:9      | Found Wuokkoxt's Weapon Shop.
 11325 | D:9      | Found a staircase to the Orcish Mines.
 11327 | D:9      | Found Diolumudang's Armour Shop.
 11337 | D:9      | Bought a +2 pair of gloves of strength for 258 gold pieces
 11581 | D:10     | Entered Level 10 of the Dungeon
 11642 | D:10     | Found a transporter.
 11650 | D:10     | Found a viscous altar of Jiyva.
 11651 | D:10     | Found a transporter.
 11894 | D:10     | Reached skill level 10 in Shields
 11925 | D:10     | Noticed a purple ugly thing
 11940 | D:10     | Killed a purple ugly thing
 12009 | D:10     | Reached XP level 11. HP: 91/91 MP: 10/10
 12233 | D:10     | Reached ***** piety under the Shining One
 12267 | D:10     | Reached skill level 1 in Invocations
 12352 | D:10     | Found a staircase to the Lair.
 12950 | D:11     | Noticed an unseen horror
 12957 | D:11     | Killed an unseen horror
 13302 | D:11     | Found a flagged portal.
 13309 | Bailey   | Entered a bailey
 13562 | Bailey   | Noticed an orc knight
 13564 | Bailey   | Noticed an orc knight
 13677 | Bailey   | Got a twitching wooden ring
 13679 | Bailey   | Got faintly humming gold dragon scales
 13700 | Bailey   | Identified the +1 gold dragon scales "Zualev Sanee" {rPois
                  | rF+ rC+ Str+3} (You found it in a bailey)
 13701 | Bailey   | Identified the ring of Autotheism {rC+ Str+4} (You found it
                  | in a bailey)
 14203 | D:11     | Noticed a green ugly thing
 14216 | D:11     | Killed a green ugly thing
 14678 | D:12     | Noticed a two-headed ogre
 14684 | D:12     | Killed a two-headed ogre
 14853 | D:12     | Noticed a red ugly thing
 14865 | D:12     | Killed a red ugly thing
 14996 | D:12     | Reached XP level 12. HP: 101/103 MP: 13/13
 15408 | D:12     | Noticed Psyche
 15418 | D:12     | Killed Psyche
 15535 | D:12     | Found Wejomp's Armour Shop.
 15586 | D:12     | Found a shimmering altar of Xom.
 16242 | Lair:1   | Entered Level 1 of the Lair of Beasts
 16385 | Lair:1   | Reached skill level 1 in Unarmed Combat
 16687 | Lair:1   | Reached skill level 5 in Invocations
 16950 | Lair:1   | Reached skill level 10 in Fighting
 17124 | Lair:1   | Upgraded the game from 0.27-a0-385-g3208abaabc to
                  | 0.27-a0-393-gba1aca71f1
 17215 | Lair:2   | Reached ****** piety under the Shining One
 17222 | Lair:2   | Reached skill level 10 in Armour
 17265 | Lair:2   | Noticed a four-headed hydra
 17284 | Lair:1   | Killed a four-headed hydra
 18359 | Lair:3   | Reached XP level 13. HP: 115/115 MP: 16/16
 18810 | Lair:3   | Reached skill level 1 in Slings
 18999 | Lair:3   | Found a hole to the Spider Nest.
 19008 | Lair:3   | Found a runed translucent door.
 19014 | Lair:3   | Noticed abdbla's ghost (journeyman TrMo)
 19271 | Lair:4   | Found a staircase to the Shoals.
 19348 | Lair:4   | Got an encrusted hunting sling
 19349 | Lair:4   | Identified the +6 hunting sling of Triumph {speed, Dex+4}
                  | (You found it on level 4 of the Lair of Beasts)
 19962 | Lair:4   | Noticed Qungiab's ghost (journeyman DsVM)
 19963 | Lair:4   | Noticed a minotaur
 19978 | Lair:4   | Found a runed translucent gate.
 19978 | Lair:4   | Found a runed translucent gate.
 19978 | Lair:4   | Found a runed translucent gate.
 20824 | Lair:6   | Entered Level 6 of the Lair of Beasts
 21102 | Lair:6   | Reached XP level 14. HP: 119/126 MP: 16/18
 21642 | Lair:6   | Reached skill level 5 in Slings
 22209 | Lair:5   | Found a viscous altar of Jiyva.
 22209 | Lair:5   | Found a staircase to the Slime Pits.
 22410 | Lair:4   | Killed Qungiab's ghost
 22411 | Lair:4   | Reached skill level 15 in Shields
 22568 | Lair:3   | Killed abdbla's ghost
 22614 | Spider:1 | Entered Level 1 of the Spider Nest
 23237 | Orc:1    | Entered Level 1 of the Orcish Mines
 23251 | Orc:1    | Found a frozen archway.
 23260 | IceCv    | Entered an ice cave
 23855 | IceCv    | Got a sparkling bronze ring
 23860 | IceCv    | Identified the ring of Houclo {Wiz rElec} (You found it in
                  | an ice cave)
 24319 | Orc:2    | Entered Level 2 of the Orcish Mines
 24319 | Orc:2    | Found a staircase to the Elven Halls.
 25466 | Orc:2    | Found Nyoreuxysy's Book Shop.
 25466 | Orc:2    | Found Someroel's Antique Weapon Emporium.
 25468 | Orc:2    | Found Keun's Weapon Shoppe.
 25470 | Orc:2    | Found Muas's Jewellery Boutique.
 25873 | D:9      | Upgraded the game from 0.27-a0-393-gba1aca71f1 to
                  | 0.27-a0-409-gd57800a693
 26153 | D:13     | Noticed Rupert
 26176 | D:13     | Killed Rupert
 26547 | D:13     | Got a sparkling glass ring
 26549 | D:13     | Identified the ring of Sawit {rN+ Will+ Str+3 Int+2} (You
                  | found it on level 13 of the Dungeon)
 26685 | D:13     | Got a slimy ring mail
 26722 | D:12     | Identified the +1 ring mail of Roud {Dex+3} (You found it
                  | on level 13 of the Dungeon)
 26825 | D:13     | Reached XP level 15. HP: 137/137 MP: 20/20
 27365 | D:14     | Found a gate to the Vaults.
 27668 | D:14     | Found a gate leading to a gauntlet.
 27675 | Gauntlet | Entered a Gauntlet
 27675 | Gauntlet | Found a transporter.
 27678 | Gauntlet | Found a transporter.
 27681 | Gauntlet | Found the +8 trident of the Octopus King {venom, rElec
                  | rPois Will+}
 27682 | Gauntlet | Found a transporter.
 27683 | Gauntlet | Found a transporter.
 27683 | Gauntlet | Found a transporter.
 27684 | Gauntlet | Found a transporter.
 27699 | Gauntlet | Found a transporter.
 27718 | Gauntlet | Found a transporter.
 27735 | Gauntlet | Found a transporter.
 27739 | Gauntlet | Found a transporter.
 27774 | Gauntlet | Found a transporter.
 27833 | Gauntlet | Found a transporter.
 28127 | Gauntlet | Got an encrusted helmet
 28476 | Gauntlet | Identified the ring "Used Kov" {rC- EV+4 Str+9 Slay+4}
 28495 | Gauntlet | Gained mutation: Your flesh is heat resistant. (rF+)
                  | [potion of mutation]
 28495 | Gauntlet | Gained mutation: You possess an exceptional clarity of
                  | mind. [potion of mutation]
 28495 | Gauntlet | Gained mutation: Your system is resistant to poisons.
                  | (rPois) [potion of mutation]
 29183 | D:14     | Upgraded the game from 0.27-a0-409-gd57800a693 to
                  | 0.27-a0-412-g8dd771eca2
 29710 | D:15     | Entered Level 15 of the Dungeon
 29838 | D:15     | Noticed Josephine
 29850 | D:15     | Killed Josephine
 30124 | D:15     | Found a staircase to the Depths.
 30447 | D:15     | Reached skill level 10 in Invocations
 30566 | D:15     | Noticed Louise
 30880 | D:15     | Killed Louise
 31382 | D:15     | Upgraded the game from 0.27-a0-412-g8dd771eca2 to
                  | 0.27-a0-416-gca2cecf3c0
 31532 | Elf:1    | Entered Level 1 of the Elven Halls
 31743 | Elf:1    | Noticed a deep elf sorcerer
 31774 | Elf:1    | Killed a deep elf sorcerer
 31775 | Elf:1    | Reached skill level 15 in Fighting
 32672 | Elf:1    | Reached XP level 16. HP: 149/149 MP: 22/22
 32767 | Elf:1    | You fall into a shaft and drop 1 floor!
 32854 | Elf:2    | Found a huge runed translucent gate.
 32855 | Elf:2    | Found a huge runed translucent gate.
 32856 | Elf:2    | Found a huge runed translucent gate.
 32857 | Elf:2    | Found a huge runed translucent gate.
 32858 | Elf:2    | Found a huge runed translucent gate.
 32919 | Elf:2    | The Shining One protects you from harm!
 32922 | Elf:2    | Noticed Cakin's ghost (adept DDNe)
 32924 | Elf:2    | Found a one-way gate to the infinite horrors of the Abyss.
 32928 | Elf:2    | Noticed a profane servitor
 32934 | Elf:2    | Found a transporter.
 32943 | Elf:2    | Found a transporter.
 32990 | Elf:2    | Identified the +8 long sword of Cowardice {distort, +Blink
                  | Str+5 Dex-4 Stlth+}
 32999 | Elf:2    | Found Zafej's Jewellery Shop.
 33044 | Elf:2    | HP: 4/149 [deep elf zephyrmancer/bolt of lightning (28)]
 33706 | Elf:1    | Identified the Handbook of Companions
 33872 | Elf:1    | Identified a dazzling hand axe
 34292 | Shoals:1 | Entered Level 1 of the Shoals
 34815 | Shoals:1 | Noticed Nikola
 34842 | Shoals:1 | Killed Nikola
 35115 | Shoals:1 | Identified a scroll of acquirement
 35116 | Shoals:1 | Acquired a manual of Slings
 35575 | Shoals:2 | Found Poibae's Armour Shoppe.
 35579 | Shoals:2 | Found Moed's Magic Scroll Boutique.
 35647 | Shoals:2 | Bought a scroll of blinking for 105 gold pieces
 35647 | Shoals:2 | Bought a scroll of acquirement for 728 gold pieces
 35647 | Shoals:2 | Bought a scroll of teleportation for 42 gold pieces
 35647 | Shoals:2 | Bought a scroll of blinking for 105 gold pieces
 35647 | Shoals:2 | Bought 3 scrolls of teleportation for 126 gold pieces
 35647 | Shoals:2 | Acquired 1128 gold pieces
 35663 | Shoals:2 | Acquired a manual of Armour
 35776 | Shoals:2 | Found Docvunok's Assorted Antiques.
 35977 | Shoals:2 | Noticed a kraken
 36010 | Shoals:2 | Killed a kraken
 36200 | Shoals:2 | Found Hoojowna's Island Escapes.
 36305 | Shoals:2 | Bought a scroll of blinking for 112 gold pieces
 36305 | Shoals:2 | Bought a scroll of teleportation for 45 gold pieces
 36305 | Shoals:2 | Bought a scroll of teleportation for 45 gold pieces
 36305 | Shoals:2 | Bought a scroll of teleportation for 45 gold pieces
 37649 | Shoals:4 | Entered Level 4 of the Shoals
 37668 | Shoals:4 | Reached skill level 10 in Slings
 37764 | Shoals:4 | Reached XP level 17. HP: 119/158 MP: 24/24
 37974 | Shoals:4 | Noticed Ilsuiw
 38229 | Shoals:3 | Killed Ilsuiw
 38563 | Shoals:3 | Reached skill level 15 in Maces & Flails
 38849 | Shoals:4 | Noticed Polyphemus
 38867 | Shoals:4 | Killed Polyphemus
 38891 | Shoals:4 | Identified the +2 scale mail "Jebauz" {Rampage}
 39160 | Shoals:4 | Identified an ichor-stained war axe
 40186 | Shoals:4 | Got a barnacled rune of Zot
 40610 | Lair:3   | Upgraded the game from 0.27-a0-416-gca2cecf3c0 to
                  | 0.27-a0-419-g7a85846853
 40917 | Spider:1 | Reached skill level 15 in Armour
 41008 | Spider:1 | Found a runed translucent gate.
 41008 | Spider:1 | Found a runed translucent gate.
 41008 | Spider:1 | Found a runed translucent gate.
 41026 | Spider:1 | Noticed Rokh's ghost (journeyman DsFi)
 41266 | Spider:1 | Reached skill level 1 in Axes
 41284 | Spider:1 | Killed Rokh's ghost
 41303 | Spider:1 | Identified the +0 helmet of the Volcano {rF+ rN+ Str+5}
 42248 | Spider:3 | Reached XP level 18. HP: 170/170 MP: 25/25
 42473 | Spider:3 | Noticed Agnes
 42482 | Spider:3 | Killed Agnes
 42535 | Spider:4 | Entered Level 4 of the Spider Nest
 43845 | Spider:4 | Got a gossamer rune of Zot
 44714 | Elf:1    | Upgraded the game from 0.27-a0-419-g7a85846853 to
                  | 0.27-a0-492-ga4bb394fd4
 44897 | Vaults:1 | Entered Level 1 of the Vaults
 45014 | Vaults:1 | Found a huge runed gate.
 45014 | Vaults:1 | Found a huge runed gate.
 45014 | Vaults:1 | Found a huge runed gate.
 45014 | Vaults:1 | Found a huge runed gate.
 45014 | Vaults:1 | Found a huge runed gate.
 45015 | Vaults:1 | Found a huge runed gate.
 45015 | Vaults:1 | Found a huge runed gate.
 45015 | Vaults:1 | Found a huge runed gate.
 45015 | Vaults:1 | Found a huge runed gate.
 45015 | Vaults:1 | Found a huge runed gate.
 45016 | Vaults:1 | Found a huge runed gate.
 45016 | Vaults:1 | Found a huge runed gate.
 45017 | Vaults:1 | Found a huge runed gate.
 45018 | Vaults:1 | Found a huge runed gate.
 45019 | Vaults:1 | Found a huge runed gate.
 45020 | Vaults:1 | Found a huge runed gate.
 45021 | Vaults:1 | Found a huge runed gate.
 45033 | Vaults:1 | Found a huge runed gate.
 45034 | Vaults:1 | Found a huge runed gate.
 45042 | Vaults:1 | Found a huge runed gate.
 45042 | Vaults:1 | Found a huge runed gate.
 45042 | Vaults:1 | Found a huge runed gate.
 45042 | Vaults:1 | Found a huge runed gate.
 45042 | Vaults:1 | Found a huge runed gate.
 45042 | Vaults:1 | Found a huge runed gate.
 45042 | Vaults:1 | Found a huge runed gate.
 45085 | Vaults:1 | Found a huge runed gate.
 45085 | Vaults:1 | Found a huge runed gate.
 45085 | Vaults:1 | Found a huge runed gate.
 45085 | Vaults:1 | Found a huge runed gate.
 45085 | Vaults:1 | Found a huge runed gate.
 45085 | Vaults:1 | Found a huge runed gate.
 45085 | Vaults:1 | Found a huge runed gate.
 45089 | Vaults:1 | Found a huge runed gate.
 45091 | Vaults:1 | Found a huge runed gate.
 45103 | Vaults:1 | Found a huge runed gate.
 45413 | Vaults:1 | Found Hof Bapp's Magic Scroll Shoppe.
 45426 | Vaults:1 | You fall into a shaft and drop 1 floor!
 45428 | Vaults:2 | Found a ruined gateway.
 45445 | Desolati | Entered the Desolation of Salt
 45699 | Desolati | Identified the ring "Sorososm" {MP+9 Slay+3}
 45764 | Desolati | Identified the +5 glaive of Rypsyz {vorpal, Int+2}
 46094 | Desolati | Reached XP level 19. HP: 183/183 MP: 27/27
 46159 | Desolati | Found the +2 shield of Resistance {rF++ rC++ Will++}
 46588 | Desolati | Identified Sif Muna's Grimoire of Cankerous Enchantment
 46590 | Desolati | Identified the ring "Ongueseg" {*Contam EV+4 Str+3 SInv}
 46670 | Vaults:2 | Noticed Asterion
 46684 | Vaults:2 | Killed Asterion
 47009 | Vaults:2 | Noticed Frederick
 47015 | Vaults:2 | Killed Frederick
 47694 | Vaults:1 | Found a large runed translucent door.
 47694 | Vaults:1 | Found a large runed translucent door.
 47696 | Vaults:1 | Found a large runed translucent door.
 47696 | Vaults:1 | Found a large runed translucent door.
 47696 | Vaults:1 | Identified the +1 long sword "Hyrru" {speed, +Inv +Fly
                  | Int-3 Dex+5 Stlth-}
 47697 | Vaults:1 | Found a large runed translucent door.
 47697 | Vaults:1 | Found a large runed translucent door.
 47697 | Vaults:1 | Noticed Qisahyorgh's ghost (master GnTm)
 47698 | Vaults:1 | Found a large runed translucent door.
 47698 | Vaults:1 | Found a large runed translucent door.
 47942 | Vaults:1 | Identified the +0 pair of gloves "Lanon" {rPois Will+
                  | Dex+3}
 48444 | Vaults:1 | Identified the +9 plate armour of the Weaver {rN+ Int+3
                  | Slay-5}
 48455 | Vaults:1 | Killed Qisahyorgh's ghost
 49267 | Vaults:2 | Found Hoan's Weapon Emporium.
 49497 | Vaults:2 | Reached XP level 20. HP: 164/198 MP: 28/28
 51028 | Vaults:3 | Noticed Margery
 51054 | Vaults:3 | Killed Margery
 51111 | Vaults:3 | Noticed a bone dragon
 51113 | Vaults:3 | Found a staircase to the Crypt.
 51118 | Vaults:3 | Killed a bone dragon
 53492 | Vaults:4 | Identified the +3 chain mail of Lust {rF+++ Will+ rCorr}
 53526 | Vaults:4 | Reached XP level 21. HP: 212/212 MP: 29/29
 53828 | Vaults:4 | Upgraded the game from 0.27-a0-492-ga4bb394fd4 to
                  | 0.27-a0-520-gb83adbd1c9
 54397 | Elf:2    | Found Bunidgh's Antique Weapon Emporium.
 54580 | Elf:2    | Reached skill level 15 in Slings
 55680 | Elf:3    | Entered Level 3 of the Elven Halls
 56496 | Elf:3    | Found a runed translucent gate.
 56498 | Elf:3    | Found a runed translucent gate.
 56499 | Elf:3    | Found a runed translucent gate.
 56500 | Elf:3    | Noticed Vohiat's ghost (adept DsIE)
 56613 | Elf:3    | Found Ota Bese's Assorted Antiques.
 56666 | Elf:3    | Found Tioduyca's Magic Scroll Emporium.
 57038 | Elf:3    | Identified the ring "Tavic" {rF+ MP+9}
 57049 | Elf:3    | Identified the +6 glaive "Laryuretoy" {antimagic, +Fly
                  | rPois rF++ Str-4}
 57064 | Elf:3    | Identified the Papyrus of Execration and the Snowflakes
 57083 | Elf:3    | Identified the +0 pair of boots of Sophism {Will+ rCorr
                  | Dex-4 Stlth+}
 57098 | Elf:3    | Identified the +0 robe of Creativity {rC- rN++ Str+6}
 57108 | Elf:3    | Identified the ring "Ywech" {rN+++ rCorr MP-9 Str-2 Slay+6}
 57221 | Elf:3    | Identified the +9 hand crossbow of Terra Nullius {penet,
                  | rF+++ Will+ Str-2 Int+3}
 57387 | Elf:3    | Found Kihicel's Armour Shop.
 57486 | Elf:3    | Identified the +5 ring mail of Giorchuost {rC- Will- Dex+8}
 57522 | Elf:3    | Found Ypoiwnat's Book Emporium.
 57620 | Elf:3    | Found Pafaafyff's Antique Weapon Boutique.
 57627 | Elf:3    | Bought a manual of Evocations for 1324 gold pieces
 57736 | Elf:3    | Killed Vohiat's ghost
 57737 | Elf:3    | Reached skill level 1 in Evocations
 57765 | Elf:3    | Identified the +4 pair of gloves of Dim Light {rN++ MP-9
                  | Dex+4}
 58053 | Depths:1 | Entered Level 1 of the Depths
 58275 | Depths:1 | Found a gateway to Hell.
 58336 | Depths:1 | Reached XP level 22. HP: 217/228 MP: 30/30
 58787 | Depths:1 | Identified the Incunabulum of Ashen Translocation
 59462 | Depths:1 | Reached skill level 27 in Fighting
 59545 | Depths:1 | Found a runed translucent door.
 59607 | Depths:1 | Reached skill level 1 in Crossbows
 59639 | Depths:1 | Identified the +5 falchion of Cufugod {vorpal, +Fly rF+}
 60095 | Depths:2 | Reached skill level 5 in Evocations
 60254 | Depths:2 | Noticed a golden dragon
 60264 | Depths:2 | Killed a golden dragon
 60299 | Depths:2 | Identified the +6 mace of the Ageing Oracle {flame, rF+
                  | Str-3 Int+6}
 60363 | Depths:2 | Found an ancient bone altar of Kikubaaqudgha.
 60395 | Depths:2 | Found a shimmering altar of Xom.
 60396 | Depths:2 | Found a shadowy altar of Dithmenos.
 60400 | Depths:2 | Found a glowing golden altar of the Shining One.
 60492 | Depths:2 | Reached XP level 23. HP: 219/240 MP: 31/31
 60700 | Depths:2 | Found a runed translucent door.
 60701 | Depths:2 | Found a runed translucent door.
 60701 | Depths:2 | Noticed a caustic shrike
 60702 | Depths:2 | Found a runed translucent door.
 60714 | Depths:2 | Killed a caustic shrike
 60774 | Depths:2 | Noticed a caustic shrike
 60807 | Depths:2 | Killed a caustic shrike
 60808 | Depths:2 | Reached skill level 5 in Crossbows
 61204 | Depths:2 | Identified the amulet of Lady Luck {rElec rC+ Regen+}
 61291 | Depths:2 | Noticed a caustic shrike
 61297 | Depths:2 | Killed a caustic shrike
 61307 | Depths:2 | Paralysed by a floating eye for 3 turns
 61745 | Depths:2 | Noticed a caustic shrike
 61752 | Depths:2 | Killed a caustic shrike
 61776 | Depths:2 | Noticed a juggernaut
 61790 | Depths:2 | Killed a juggernaut
 61977 | Depths:2 | Identified the +1 battleaxe of Nemelex Xobeh {drain, rElec
                  | rF+ Stlth+}
 62299 | Depths:3 | Noticed the Enchantress
 62353 | Depths:3 | Found a one-way gate leading to the halls of Pandemonium.
 62381 | Depths:3 | Found a magical portal.
 62410 | WizLab   | Entered The Roulette of Golubria
 62410 | WizLab   | Found a transporter.
 62421 | WizLab   | Found a corrupted altar of Lugonu.
 62467 | WizLab   | Found a transporter.
 62512 | WizLab   | Found a transporter.
 62535 | WizLab   | Found a transporter.
 62548 | WizLab   | Found a transporter.
 62553 | WizLab   | Upgraded the game from 0.27-a0-520-gb83adbd1c9 to
                  | 0.27-a0-531-gb72ec1a1b6
 62599 | WizLab   | Found a transporter.
 62627 | WizLab   | Found a corrupted altar of Lugonu.
 62650 | WizLab   | Found a transporter.
 62650 | WizLab   | Found a transporter.
 62650 | WizLab   | Identified the Incunabulum of the Compass
 62701 | WizLab   | Found a corrupted altar of Lugonu.
 62703 | WizLab   | Found a transporter.
 62756 | WizLab   | Found a transporter.
 62923 | WizLab   | Found a transporter.
 62994 | WizLab   | Found a transporter.
 62994 | WizLab   | Found a transporter.
 63025 | WizLab   | Found a transporter.
 63051 | WizLab   | Found a transporter.
 63090 | WizLab   | Found the +1 cloak of Starlight {*Dazzle EV+4 Stlth--}
 63099 | WizLab   | Found a transporter.
 63099 | WizLab   | Found a transporter.
 63118 | WizLab   | Identified the +1 cloak of the Boiling Point {Rampage rN+
                  | Str-5 Dex+2}
 63120 | WizLab   | Identified the -3 cloak "Mayx" {Str+4}
 63253 | WizLab   | Found a transporter.
 63273 | WizLab   | Found a transporter.
 63273 | WizLab   | Found a transporter.
 63477 | Depths:3 | Found a portal to a secret trove of treasure.
 63477 | Depths:3 | Noticed Mennas
 63501 | Depths:3 | Killed Mennas
 63508 | Depths:3 | Killed the Enchantress
 63509 | Depths:3 | Noticed Mara
 63527 | Depths:3 | Noticed Gwrg's illusion
 63617 | Depths:3 | Found a gateway to a ziggurat.
 63642 | Depths:3 | Reached XP level 24. HP: 231/249 MP: 22/31
 63740 | Depths:3 | Killed Mara
 64344 | Depths:3 | Reached skill level 10 in Dodging
 64480 | Depths:3 | Identified the +2 arbalest of the Skies Above {elec, Int+3}
 64709 | Depths:3 | Found Xaesas's Assorted Antiques.
 66091 | Depths:4 | Reached skill level 10 in Evocations
 66934 | Depths:5 | Entered Level 5 of the Depths
 67140 | Depths:4 | Reached XP level 25. HP: 246/257 MP: 22/31
 67585 | Depths:5 | Found Beuvah's Jewellery Shoppe.
 67740 | Depths:5 | Noticed a juggernaut
 67753 | Depths:5 | Killed a juggernaut
 67986 | Depths:5 | Found Enyqos's Assorted Antiques.
 67986 | Depths:5 | Found Xioph's Book Emporium.
 67989 | Depths:5 | Found Kiyb's Weapon Emporium.
 68292 | Depths:5 | Found a gate to the Realm of Zot.
 68432 | Depths:5 | Found Hihened's Blood Bar.
 68697 | Depths:5 | Upgraded the game from 0.27-a0-531-gb72ec1a1b6 to
                  | 0.27-a0-577-ge2a43ba0c9
 69092 | Elf:2    | Killed Cakin's ghost
 69106 | Elf:2    | Reached skill level 10 in Crossbows
 69110 | Elf:2    | Got Lugonu's Catalogue of the Traveller
 69510 | Vaults:5 | Entered Level 5 of the Vaults
 69533 | Vaults:4 | Reached skill level 27 in Maces & Flails
 69667 | Vaults:5 | Noticed a dread lich
 69668 | Vaults:5 | Identified the amulet of Jeag Sig {+Blink Regen+}
 69668 | Vaults:5 | Identified the +6 plate armour of Quebou {*Corrode Int+5}
 69685 | Vaults:5 | Killed a dread lich
 69870 | Vaults:5 | Reached XP level 26. HP: 207/266 MP: 22/31
 70063 | Vaults:4 | Reached skill level 15 in Dodging
 70158 | Vaults:5 | Noticed an ancient lich
 70167 | Vaults:5 | Killed an ancient lich
 70373 | Vaults:5 | Got a silver rune of Zot
 70377 | Vaults:5 | Identified the +3 flail of Jimof {freeze, Fragile +Blink
                  | Str+2}
 70699 | Vaults:5 | Identified the +1 helmet "Roraqul" {+Blink rPois}
 71493 | Slime:1  | Entered Level 1 of the Pits of Slime
 71531 | Slime:1  | Gained mutation: You evolve. [a shining eye]
 71974 | Slime:1  | Gained mutation: Your body sometimes deteriorates upon
                  | taking damage. [a shining eye]
 72004 | Slime:1  | Lost mutation: Your body sometimes deteriorates upon taking
                  | damage. [evolution]
 72208 | Slime:3  | Gained mutation: You are partially covered in slimy green
                  | scales. (AC +2) [a shining eye]
 72209 | Slime:3  | Gained mutation: Your magical capacity is low. (-10% MP) [a
                  | shining eye]
 72515 | Slime:3  | Gained mutation: You are clumsy. (Dex -2) [a shining eye]
 72650 | Slime:3  | Gained mutation: Potions are less effective at restoring
                  | your health. [a shining eye]
 73176 | Slime:5  | Entered Level 5 of the Pits of Slime
 73521 | Slime:4  | Reached XP level 27. HP: 273/273 MP: 19/28
 73691 | Slime:5  | Noticed the Royal Jelly
 73704 | Slime:5  | Killed the Royal Jelly
 73705 | Slime:5  | Reached skill level 15 in Evocations
 73954 | Slime:5  | Found the -2 hat of the Alchemist {rElec rPois rF+ rC+ rN+
                  | Will+ rMut rCorr}
 74004 | Slime:5  | Identified the ring "Myaroyn" {*Corrode +Inv rPois AC+4
                  | Int-2}
 74059 | Slime:5  | Identified Favas's Handbook of Beguiling and Creation
 74094 | Slime:5  | Identified the +1 robe of Dogmatism {Str+6}
 74099 | Slime:5  | Identified the +7 falchion "Deutheirph" {vorpal, Str+4
                  | Dex+3}
 74119 | Slime:5  | Got a slimy rune of Zot
 74535 | Crypt:1  | Entered Level 1 of the Crypt
 74695 | Crypt:1  | Found a basalt altar of Yredelemnul.
 75039 | Crypt:1  | Found an ancient bone altar of Kikubaaqudgha.
 75390 | Crypt:1  | Noticed Xtahua
 75403 | Crypt:1  | Killed Xtahua
 75751 | Crypt:2  | Reached skill level 5 in Throwing
 75962 | Crypt:2  | Found the +3 giant club "Skullcrusher" {speed, Str+7}
 76448 | Crypt:3  | Entered Level 3 of the Crypt
 76919 | Crypt:3  | Found a staircase to the Tomb.
 77030 | Crypt:3  | Found a basalt altar of Yredelemnul.
 77030 | Crypt:3  | Noticed a dread lich
 77035 | Crypt:3  | Killed a dread lich
 77185 | Crypt:3  | Identified the +5 ring mail of Jufeffup {Int+4}
 77687 | Crypt:3  | Identified the +3 plate armour of Modesty {SInv}
 78092 | Zot:1    | Entered Level 1 of the Realm of Zot
 78529 | Zot:1    | Noticed an orb of fire
 78540 | Zot:1    | Noticed an ancient lich
 78557 | Zot:1    | Found a radiant altar of Vehumet.
 78561 | Zot:1    | Found a transporter.
 78833 | Zot:1    | Reached skill level 10 in Throwing
 78836 | Zot:1    | Reached skill level 5 in Axes
 78982 | Zot:1    | Reached skill level 15 in Invocations
 79287 | Zot:1    | Noticed a dread lich
 79288 | Zot:1    | Noticed an ancient lich
 79343 | Zot:1    | Upgraded the game from 0.27-a0-577-ge2a43ba0c9 to
                  | 0.27-a0-585-g945025970d
 80436 | Zot:2    | Lost mutation: You possess an exceptional clarity of mind.
                  | [evolution]
 80779 | Zot:3    | Noticed an ancient lich
 80804 | Zot:3    | Killed an ancient lich
 81299 | Zot:3    | Found a bloodstained altar of Trog.
 81469 | Zot:3    | Reached skill level 10 in Axes
 81860 | Zot:3    | Found the +4 dragonskin cloak
 81860 | Zot:3    | Identified the ring "Amen" {Wiz rF+++ Str+3}
 81860 | Zot:3    | Noticed Tiamat
 81902 | Zot:3    | Killed Tiamat
 82003 | Zot:3    | Identified the +4 spear of Conversion {antimagic, rC- Int+3
                  | Dex+3}
 82192 | Zot:3    | Identified the ring of Spontaneous Combustion {+Fly rElec
                  | AC+4 Dex-4 SInv}
 82839 | Zot:4    | Acquired a manual of Axes
 84213 | Depths:4 | Voluntarily entered the Abyss.
 84789 | Abyss:2  | Reached skill level 15 in Axes
 84873 | Abyss:2  | Reached skill level 15 in Crossbows
 85693 | Abyss:3  | Paralysed by accursed screaming for 1 turns
 85697 | Abyss:3  | Paralysed by accursed screaming for 1 turns
 85702 | Abyss:3  | Paralysed by accursed screaming for 1 turns
 85732 | Abyss:3  | Found a corrupted altar of Lugonu.
 86247 | Abyss:5  | Entered Level 5 of the Abyss
 86309 | Abyss:5  | Identified the +2 scale mail of the Pleiades {Rampage
                  | *Corrode Dex+5}
 86478 | Abyss:5  | Identified the +4 chain mail "Soex" {rPois}
 86737 | Abyss:5  | Paralysed by accursed screaming for 2 turns
 86876 | Abyss:5  | Got an abyssal rune of Zot
 87038 | Depths:4 | Escaped the Abyss
 87089 | Hell     | Entered the Vestibule of Hell
 87089 | Hell     | Noticed Geryon
 87251 | Hell     | Killed Geryon
 87280 | Hell     | Found a gateway to the ashen valley of Gehenna.
 87373 | Hell     | Found a gateway to the freezing wastes of Cocytus.
 87409 | Hell     | Found a gateway to the decaying netherworld of Tartarus.
 87682 | Hell     | Found a gateway to the Iron City of Dis.
 87987 | Depths:3 | You paid a toll of the horn of Geryon to enter a treasure
                  | trove
 87988 | Trove    | Entered a treasure trove
 88063 | Trove    | Identified the amulet "Titzok" {rC- Regen+ Dex+4}
 88085 | Trove    | Identified the +4 pair of gloves of the Flute {Int+7}
 88086 | Trove    | Identified the +1 plate armour of Lethargy {rN++}
 88237 | Depths:3 | Upgraded the game from 0.27-a0-585-g945025970d to
                  | 0.27-a0-604-g29a88b33a7
 88944 | Dis:1    | Entered Level 1 of the Iron City of Dis
 89069 | Dis:1    | You fall into a shaft and drop 1 floor!
 89137 | Dis:4    | You fall into a shaft and drop 2 floors!
 89433 | Dis:7    | Entered Level 7 of the Iron City of Dis
 90089 | Dis:7    | Reached skill level 15 in Throwing
 90491 | Dis:7    | Found the +4 staff of Dispater
 90491 | Dis:7    | Noticed Dispater
 90508 | Dis:7    | Killed Dispater
 90772 | Dis:7    | Identified the +6 shortbow "Lossat" {flame, +Fly MP+9
                  | Str+4}
 90773 | Dis:7    | Identified the +10 falchion "Beastslayer" {venom, Stlth+}
 90820 | Dis:7    | Lost mutation: You are clumsy. (Dex -2) [evolution]
 90946 | Dis:7    | Found the macabre finger necklace {rN+}
 90980 | Dis:7    | Got an iron rune of Zot
 91211 | Tar:1    | Entered Level 1 of Tartarus
 91238 | Tar:1    | You fall into a shaft and drop 1 floor!
 91835 | Tar:5    | You fall into a shaft and drop 1 floor!
 92059 | Tar:7    | Entered Level 7 of Tartarus
 92540 | Tar:7    | Noticed an ancient lich
 92549 | Tar:7    | Killed an ancient lich
 92969 | Tar:7    | Noticed an ancient lich
 92975 | Tar:7    | Killed an ancient lich
 92981 | Tar:7    | Noticed Ereshkigal
 92995 | Tar:7    | Killed Ereshkigal
 93054 | Tar:7    | Got a bone rune of Zot
 93296 | Hell     | Upgraded the game from 0.27-a0-604-g29a88b33a7 to
                  | 0.27-a0-637-g3a9f0a9c12
 93339 | Geh:1    | Entered Level 1 of Gehenna
 93574 | Geh:4    | You fall into a shaft and drop 1 floor!
 93672 | Geh:6    | You fall into a shaft and drop 1 floor!
 93672 | Geh:7    | Entered Level 7 of Gehenna
 94130 | Geh:7    | Found the +7 sceptre of Asmodeus
 94130 | Geh:7    | Noticed Asmodeus
 94383 | Geh:7    | Noticed the Serpent of Hell
 94391 | Geh:7    | Killed the Serpent of Hell
 94426 | Geh:7    | Gained mutation: Your mind is acute. (Int +2) [evolution]
 94512 | Geh:7    | Killed Asmodeus
 94647 | Geh:7    | Got an obsidian rune of Zot
 95242 | Geh:7    | Identified the +3 falchion "Sarcophage" {speed, +Blink rC-
                  | Int+2 Dex+4}
 95252 | Geh:7    | Identified the Handbook of Frigorific Toxins
 95427 | Coc:1    | Entered Level 1 of Cocytus
 96188 | Coc:7    | Entered Level 7 of Cocytus
 96942 | Coc:7    | Identified the +11 scale mail of the Kangaroo {rF+ Will+
                  | Str+6}
 97393 | Coc:7    | Reached skill level 27 in Shields
 97682 | Coc:7    | Noticed Antaeus
 97829 | Coc:7    | Killed Antaeus
 97897 | Coc:7    | Got an icy rune of Zot
 98295 | Pan      | Entered Pandemonium
 98736 | Pan      | Noticed Kon Sacs the pandemonium lord
 98742 | Pan      | Killed Kon Sacs the pandemonium lord
 98849 | Pan      | Got a demonic rune of Zot
 98967 | Pan      | Noticed Joschufu the pandemonium lord
 98973 | Pan      | Killed Joschufu the pandemonium lord
 99184 | Pan      | Found a runed translucent door.
 99184 | Pan      | Noticed Uwouham the pandemonium lord
 99498 | Pan      | Found a glowing silver altar of Zin.
 99863 | Pan      | Identified the +0 buckler of the Moon {rN+ Int-3 Stlth+}
 99893 | Pan      | Noticed a seraph
100127 | Pan      | Identified the Disquisition on Lightness
100395 | Depths:3 | Escaped Pandemonium
100548 | Pan      | Entered the realm of Lom Lobon.
100548 | Pan      | Entered Pandemonium
101267 | Pan      | Noticed Lom Lobon
101284 | Pan      | Killed Lom Lobon
101373 | Pan      | Got a magical rune of Zot
101506 | Pan      | Upgraded the game from 0.27-a0-637-g3a9f0a9c12 to
                  | 0.27-a0-652-g2d5cf1dcd3
101562 | Pan      | Noticed Jalagiff the pandemonium lord
101573 | Pan      | Killed Jalagiff the pandemonium lord
101630 | Pan      | Gained mutation: Your magical capacity is very low. (-20%
                  | MP) [a neqoxec]
101634 | Pan      | Gained mutation: You occasionally shout uncontrollably at
                  | your foes. [a neqoxec]
101688 | Pan      | Entered the realm of Cerebov.
102636 | Pan      | Identified the +2 hunting sling of Severance {flame, rPois
                  | rC+ Dex-5}
102780 | Pan      | Found the +6 sword of Cerebov {flame}
102780 | Pan      | Noticed Cerebov
102813 | Pan      | HP: 5/273 [Cerebov/iron shot (58)]
103169 | Pan      | Identified the ring "Vijivvai" {rElec rPois Int+6 Dex-3
                  | Slay+2}
103177 | Pan      | Killed Cerebov
103213 | Pan      | Got a fiery rune of Zot
103324 | Pan      | Identified the +5 hunting sling of Ykaeckug {venom, Int+3}
103548 | Pan      | Identified the +5 pair of boots of Saesol {Harm Rampage
                  | Regen+ Str-2}
103554 | Pan      | Entered the realm of Mnoleg.
103680 | Pan      | Gained mutation: Your body sometimes deteriorates upon
                  | taking damage. [a neqoxec]
103950 | Pan      | Gained mutation: Your body often deteriorates upon taking
                  | damage. [a cacodemon]
104138 | Pan      | Noticed Mnoleg
104149 | Pan      | Killed Mnoleg
104162 | Pan      | Lost mutation: Your mind is acute. (Int +2) [a neqoxec]
104163 | Pan      | Gained mutation: You are dopey. (Int -2) [a neqoxec]
104228 | Pan      | Got a glowing rune of Zot
104455 | Pan      | Gained mutation: You are frail. (-10% HP) [a cacodemon]
104640 | Pan      | Lost mutation: Your flesh is heat resistant. (rF+) [potion
                  | of mutation]
104640 | Pan      | Lost mutation: You are partially covered in slimy green
                  | scales. (AC +2) [potion of mutation]
104640 | Pan      | Lost mutation: Your body often deteriorates upon taking
                  | damage. [potion of mutation]
104640 | Pan      | Lost mutation: Potions are less effective at restoring your
                  | health. [potion of mutation]
104646 | Pan      | Lost mutation: You occasionally shout uncontrollably at
                  | your foes. [potion of mutation]
104646 | Pan      | Lost mutation: Your magical capacity is very low. (-20% MP)
                  | [potion of mutation]
104646 | Pan      | Lost mutation: You are dopey. (Int -2) [potion of mutation]
104646 | Pan      | Lost mutation: You are frail. (-10% HP) [potion of
                  | mutation]
104646 | Pan      | Gained mutation: Armour fits poorly on your strangely
                  | shaped body. [potion of mutation]
104646 | Pan      | Gained mutation: You tend to lose your temper in combat.
                  | [potion of mutation]
104646 | Pan      | Gained mutation: Your natural rate of healing is unusually
                  | fast. [potion of mutation]
104647 | Pan      | Lost mutation: Your natural rate of healing is unusually
                  | fast. [potion of mutation]
104647 | Pan      | Gained mutation: Your mind is acute. (Int +2) [potion of
                  | mutation]
104647 | Pan      | Gained mutation: You are partially covered in yellow
                  | scales. (AC +2) [potion of mutation]
104647 | Pan      | Gained mutation: You can translocate small distances at
                  | will. [potion of mutation]
104648 | Pan      | Lost mutation: Your body sometimes deteriorates upon taking
                  | damage. [potion of mutation]
104648 | Pan      | Lost mutation: You tend to lose your temper in combat.
                  | [potion of mutation]
104648 | Pan      | Lost mutation: Your magical capacity is low. (-10% MP)
                  | [potion of mutation]
104648 | Pan      | Lost mutation: Your mind is acute. (Int +2) [potion of
                  | mutation]
104648 | Pan      | Gained mutation: You are partially covered in thin metallic
                  | scales. (AC +2) [potion of mutation]
104648 | Pan      | Gained mutation: You have large cloven feet. [potion of
                  | mutation]
104702 | Pan      | Entered the realm of Gloorx Vloq.
104832 | Pan      | Identified the +0 leather armour of Pathos {Harm *Drain
                  | Str+4}
104838 | Pan      | Found an exit through the horrors of the Abyss.
104985 | Pan      | Identified the ring "Gecuu" {rElec Will+ Str+6 Int+4}
105368 | Pan      | Noticed Gloorx Vloq
105376 | Pan      | Killed Gloorx Vloq
105388 | Pan      | Got a dark rune of Zot
105924 | Pan      | Found an exit through the horrors of the Abyss.
106564 | Pan      | Noticed Morysm the pandemonium lord
106582 | Pan      | Killed Morysm the pandemonium lord
107039 | Pan      | Found an exit through the horrors of the Abyss.
107249 | Pan      | Noticed Ruumaimi the pandemonium lord
107493 | Pan      | Killed Ruumaimi the pandemonium lord
108463 | Pan      | Noticed Qaeph the pandemonium lord
108471 | Pan      | Killed Qaeph the pandemonium lord
108655 | Pan      | Found an exit through the horrors of the Abyss.
109032 | Pan      | Noticed Epyfoq the pandemonium lord
109043 | Pan      | Killed Epyfoq the pandemonium lord
109487 | Pan      | Found an exit through the horrors of the Abyss.
109840 | Pan      | Noticed Efup the pandemonium lord
109858 | Pan      | Killed Efup the pandemonium lord
110600 | Pan      | Found an exit through the horrors of the Abyss.
110668 | Pan      | Gained mutation: Scrolls take you a little longer to read.
                  | [a cacodemon]
111130 | Depths:3 | Escaped Pandemonium
111847 | Tomb:1   | Entered Level 1 of the Tomb of the Ancients
112386 | Tomb:1   | Identified the +7 quarterstaff of Paibus {drain, +Fly Str+2
                  | Stlth+}
112426 | Tomb:1   | Noticed a royal mummy
112436 | Tomb:1   | Killed a royal mummy
112487 | Tomb:1   | Noticed a royal mummy
112500 | Tomb:1   | Killed a royal mummy
112510 | Tomb:1   | Noticed a royal mummy
112529 | Tomb:1   | Killed a royal mummy
113183 | Tomb:2   | Noticed a royal mummy
113184 | Tomb:2   | Noticed a royal mummy
113184 | Tomb:2   | Noticed a royal mummy
113186 | Tomb:2   | Noticed a royal mummy
113192 | Tomb:2   | HP: 6/273 [royal mummy/divine providence (16)]
113192 | Tomb:2   | Mangled by an eldritch tentacle

Illustrated notes

Levels and vault maps discovered:
D:1:      psy_arrival_basics, layout_basic, chequers_serial_rivers_small_a
D:2:      layout_basic, nicolae_overflow_hidden_temple, lemuel_round_altar,
          fedhas_altar_2
D:3:      layout_loops_ring, old_standard_altar, okawaru_metal_pillars_1_2,
          kennysheep_another_room, kennysheep_generic_room_7
D:4:      layout_basic, minmay_temple_entry_glassed_door, uniq_grinder
D:5:      layout_basic, general_overflow_altar, nicolae_ru_the_path_less_chosen,
          ebering_ghost_disaster_area, chequers_serial_rivers_large_a,
          nicolae_gozag_cash_rules_everything_around_me, uniq_menkaure
D:6:      kennysheep_windowed_halls, layout_loops_ring
D:7:      layout_rooms, lemuel_crystal_altar, eat_drink_and_be_merry_uskayaw
D:8:      layout_basic, serial_shops, nicolae_shop_crystal, shop, shop
D:9:      layout_layer_cave, lemuel_zombie_altar_kikubaaqudgha,
          overflow_temple_1_default, orc_david_3, chequers_hall_statues_wall_a,
          grunt_dithmenos_smoke_and_mirrors
D:10:     gammafunk_jiyva_shrine, layout_loops_cross, erik_lair_orcish_takeover
D:11:     layout_basic, enter_bailey_4
D:12:     layout_basic, serial_shops, shop, basic_altar, st_stairs_1,
          uniq_psyche
D:13:     layout_small_grid, hangedman_abyss_or_decor_stabs, uniq_rupert
D:14:     layout_roguey, david_vaults_4, gauntlet_entry_generic, minivault_26
D:15:     hangedman_depths_entry_try_elsewhere_first, layout_irregular_city,
          roderic_three_in_a_row, chequers_decorated_corner, uniq_louise,
          uniq_josephine
Lair:1:   layout_layer_cave
Lair:2:   layout_regular_city
Lair:3:   layout_regular_city, spider_nest_entry_a,
          ebering_ghost_reflecting_pool, grunt_megastairs_3
Lair:4:   layout_cave_pods, elwin_shoals_entry_rocks,
          maelrawn_ghost_gauntlet_escape, grunt_megastairs_2
Lair:5:   layout_cave_pods, dpeg_slime_entry_enclosed_altar,
          serial_bayou_shore_b
Lair:6:   hangedman_lair_in_review, layout_hall_layers, grunt_megastairs_1,
          serial_bayou_shore_b, infiniplex_staircase_pool_2,
          serial_bayou_shore_b
Shoals:1: layout_shoals, uniq_nikola
Shoals:2: layout_shoals, serial_shops, shop_fountains, nicolae_shop_waterfront,
          nicolae_shop_window_shopping, nicolae_island_escapes
Shoals:3: layout_shoals
Shoals:4: shoals_end_grunt_ice, layout_shoals, shoals_ilsuiw_ice,
          nicolae_shoals_siren_and_animal_friends, uniq_polyphemus
Spider:1: layout_spider_delve, gammafunk_ghost_tricky_traps, drop_trap
Spider:2: layout_spider_delve, drop_trap
Spider:3: layout_spider_delve, uniq_agnes
Spider:4: grunt_spider_rune_parallel
Slime:1:  layout_caves
Slime:2:  layout_caves, nicolae_slime_phagocytosis
Slime:3:  layout_caves
Slime:4:  layout_caves
Slime:5
Orc:1:    layout_caves, portal_ice_cave_entry_pillars_1
Orc:2:    st_orc_rangers, layout_caves
Elf:1:    eino_elf_arrival_sip, layout_loops_cross, serial_co_window_serial,
          co_window_corner_a, co_window_of_opportunity_a,
          co_window_of_opportunity_a, co_window_corner_a, co_window_paths_a,
          co_window_of_opportunity_a, co_window_of_opportunity_b,
          co_window_corner_b, co_window_corner_b, co_window_cross_2,
          co_window_corner_cb, glass_columns_b, glass_columns_c,
          minmay_elf_demonology, minmay_crystal_room, minivault_15
Elf:2:    layout_gridlike, serial_shops, shop_coins, shop,
          gammafunk_ghost_abyssal_escape, minivault_16, st_stairs_13,
          statue_in_the_mist_lemuel
Elf:3:    elf_hall, layout_onion_city, serial_sigils,
          serial_sigils_hangedman_gnaw, serial_sigils_hangedman_gut,
          serial_sigils_hangedman_writhe, serial_sigils_hangedman_shear,
          gammafunk_ghost_tricky_traps, serial_shops, shop, shop,
          nicolae_shop_crystal, nicolae_shop_behind_doors, shop_fountains
Vaults:1: advil_vaults_ghost_lines, vaults_door_vault, v_rooms_2,
          hangedman_vaults_cutoff, nicolae_vaults_little_squares_4,
          vaults_mumra_minichess_inversion, hangedman_vaults_restitches,
          vaults_room_stairs_pillars, ontoclasm_vaults_decontamination,
          vaults_standard_mumra_lines, ontoclasm_vaults_ligature,
          ontoclasm_vaults_ring_square, nicolae_vaults_asterisk,
          vaults_mumra_hexcomb, layout_vaults_ring, serial_shops,
          nicolae_shop_statue_plus
Vaults:2: ontoclasm_vaults_ring_square, vaults_room_large_hall,
          ontoclasm_vaults_tryst, vaults_room_large_hall, grunt_vaults_swirl,
          nicolae_vaults_specimen_jars, v_alt_pattern_2, hangedman_vaults_slice,
          v_misc_2, vaults_room_door_hall, nicolae_vaults_little_squares_1,
          hangedman_vaults_corner_blocks, layout_vaults_omnibox,
          portal_desolation_entry_nicolae_slug, serial_shops,
          nicolae_shop_statue_plus, uniq_frederick, uniq_asterion
Vaults:3: minmay_crypt_entry_nasty_monster, nicolae_vaults_rhombus_5, st_lines,
          ontoclasm_vaults_chip, nicolae_vaults_diagonal_hallway_7,
          vaults_dpeg_hooks, layout_vaults_omnigrid, uniq_margery
Vaults:4: ontoclasm_vaults_chip, v_misc_11, v_pattern_3, v_misc_19,
          vaults_dpeg_doors, vaults_mumra_minichess, nicolae_vaults_arrows,
          st_smaller_cells, vaults_room_octagon, vaults_room_stairs_pillars,
          v_misc_30, vaults_room_large_hall, vaults_room_door_ring,
          nicolae_vaults_rhombus_6, layout_vaults_omnicross
Vaults:5: serial_shops
Crypt:1:  cheibrodos_crypt_eye_of_stone, layout_misc_corridors, basic_altar,
          minmay_misc_feat_hallway, grunt_crypt_arrival_guarded_gate,
          uniq_xtahua
Crypt:2:  layout_misc_corridors, minmay_guarded_unrand_skullcrusher
Crypt:3:  cryptofortress_bobbens
Tomb:1
Tomb:2
Depths:1: evilmike_pillar_path, layout_cave_shapes,
          chequers_serial_rivers_large_b, abyss_entry, pf_coc_iceberg,
          lightli_church_of_beogh
Depths:2: minmay_the_grid_ultimate [minmay_the_grid_prize_inner_circle,
          minmay_the_grid_prize_four_corners_diamond_b,
          minmay_the_grid_prize_shrinking_boxes,
          minmay_the_grid_prize_four_corners,
          minmay_the_grid_square_5x5_hollow_slash,
          minmay_the_grid_square_5x5_slash,
          minmay_the_grid_square_5x5_checkered_statues,
          minmay_the_grid_square_5x5_hourglass,
          minmay_the_grid_square_5x5_one_wall, minmay_the_grid_square_5x5_mess,
          minmay_the_grid_square_5x5_longway,
          minmay_the_grid_square_5x5_half_checkered,
          minmay_the_grid_square_5x5_plus,
          minmay_the_grid_square_5x5_spiral_small,
          minmay_the_grid_square_5x5_corner, minmay_the_grid_square_5x5_six,
          minmay_the_grid_square_5x5_inner_z, minmay_the_grid_square_5x5_lines,
          minmay_the_grid_square_5x5_minibox,
          minmay_the_grid_triangle_9x9_windchime,
          minmay_the_grid_triangle_9x9_empty,
          minmay_the_grid_triangle_9x9_checkered,
          minmay_the_grid_triangle_9x9_alien,
          minmay_the_grid_triangle_9x9_negative_grid,
          minmay_the_grid_triangle_9x9_limited_checkers,
          minmay_the_grid_triangle_9x9_fully_insulated_deathbox,
          minmay_the_grid_triangle_9x9_from_above,
          minmay_the_grid_triangle_9x9_swiss_cheese,
          minmay_the_grid_triangle_9x9_steps,
          minmay_the_grid_triangle_9x9_minimal,
          minmay_the_grid_triangle_9x9_sparse_checkered,
          minmay_the_grid_triangle_9x9_warning,
          minmay_the_grid_triangle_9x9_thin_v,
          minmay_the_grid_triangle_9x9_stretched_checkered,
          minmay_the_grid_triangle_9x9_cache,
          minmay_the_grid_square_5x5_minimal,
          minmay_the_grid_octo_thin_diamonds, minmay_the_grid_octo_fan_narrow,
          minmay_the_grid_octo_fat_diamond, minmay_the_grid_octo_clover_2,
          minmay_the_grid_octo_chip, minmay_the_grid_octo_empty,
          minmay_the_grid_octo_shrine, minmay_the_grid_octo_concentric,
          minmay_the_grid_mess, minmay_the_grid_large_cup,
          minmay_the_grid_spikes, minmay_the_grid_odd_star], hell_entry
Depths:3: minmay_haunted_quarter, layout_gridlike, enter_ziggurat_f,
          interstate_on_off, grunt_pan_entry_in_and_out,
          nicolae_trove_entry_free_sample, mu_enter_wizlab_1,
          pf_hell_entry_tar_spiral, fountainhead, minmay_shop_star, uniq_mennas,
          uniq_mara, uniq_enchantress
Depths:4: minmay_octo_star, layout_honeycomb,
          nicolae_abyss_entry_one_way_or_another, minmay_misc_feat_ornament,
          hell_entry, st_stairs_10, kennysheep_generic_room_13,
          infiniplex_staircase_spiral
Depths:5: evilmike_zot_entry_basic, layout_long_grid, hell_entry,
          minmay_misc_feat_plants, guppyfry_shop_blood, minmay_shoptagon
Hell
Dis:1:    layout_subdivisions
Dis:2:    layout_subdivisions
Dis:3:    layout_regular_city, hangedman_dis_decor_tower, nrook_loot_triangle
Dis:4:    layout_gridville
Dis:6:    layout_gridville, hangedman_dis_decor_blocks_talon
Dis:7:    iron_city_of_dis [dis_mu, dis_wall_4], layout_chaotic_city
Geh:1:    layout_gehenna_pools_basic
Geh:2:    layout_gehenna_lava_caves, special_room [special_room_morgue],
          lemuel_elevator
Geh:3:    layout_gehenna_pools_basic
Geh:4:    layout_gehenna_pools_basic, nicolae_geh_single_fiery_grave
Geh:5:    layout_gehenna_lava_caves, evilmike_ambush
          [evilmike_ambush_outer_basic, evilmike_ambush_inner_cross]
Geh:6:    layout_gehenna_pools_box, nicolae_geh_fiery_graves
          [nicolae_geh_single_fiery_grave, nicolae_geh_single_fiery_grave,
          nicolae_geh_single_fiery_grave, nicolae_geh_single_fiery_grave,
          nicolae_geh_single_fiery_grave, nicolae_geh_single_fiery_grave,
          nicolae_geh_single_fiery_grave, nicolae_geh_single_fiery_grave,
          nicolae_geh_single_fiery_grave], lemuel_hellish_altar
Geh:7:    evilmike_geh
Coc:1:    grunt_deathspiral_small, layout_ice_bergs
Coc:2:    layout_cocytus_water_paths
Coc:3:    layout_cocytus_water_paths
Coc:4:    layout_cocytus_water_paths
Coc:5:    layout_ice_bergs
Coc:6:    layout_ice_bergs
Coc:7:    coc_mu
Tar:1:    layout_honeycomb
Tar:2:    layout_grid_maze
Tar:3:    layout_honeycomb, grunt_megastairs_5
Tar:4:    layout_honeycomb
Tar:5:    layout_cathedral_of_symmetry, nicolae_tar_cuneiform_two
Tar:6:    layout_cathedral_of_symmetry
Tar:7:    tar_old
Zot:1:    gammafunk_sealed_library, layout_gridlike
Zot:2:    layout_gridville
Zot:3:    ebering_greatest_show_in_zot, layout_gridlike, basic_altar,
          st_grand_hoard_of_tiamat
Zot:4:    lemuel_acid_trip, layout_onion

Skill      XL: |  1  2  3  4  5  6  7  8  9 10 11 12 13 14 15 16 17 18 19 20 21 22 23 24 25 26 27 |
---------------+----------------------------------------------------------------------------------+-----
Long Blades    | 4 5 6 |  6.5
Armour         | 1 2 3 4 5 6 7 8 9 10 11 12 13 14 15 17 18 19 25 | 25.5
Dodging        | 4 5 6 8 9 10 14 16 24 | 24.1
Fighting       | 3 4 5 6 8 10 12 13 15 16 17 19 21 23 26 27 | 27.0
Shields        | 1 2 4 5 7 10 12 13 14 16 17 18 19 27 | 27.0
Maces & Flails | 2 7 9 11 12 13 14 15 16 17 18 19 21 24 26 27 | 27.0
Stealth        | 1 |  1.0
Invocations    | 3 5 7 9 10 11 12 26 | 26.0
Unarmed Combat | 1 |  1.3
Slings         | 4 5 10 13 14 15 19 20 | 20.0
Axes           | 1 22 | 22.8
Evocations     | 2 6 8 11 13 14 15 | 15.0
Crossbows      | 4 6 8 10 11 23 | 23.5
Throwing       | 20 | 20.4

Action                   |  1- 3 |  4- 6 |  7- 9 | 10-12 | 13-15 | 16-18 | 19-21 | 22-24 | 25-27 || total
-------------------------+-------+-------+-------+-------+-------+-------+-------+-------+-------++-------
Melee: Long sword        |    84 |    95 |    43 |       |       |       |       |       |       ||   222
       Headbutt          |    21 |    20 |    70 |   224 |   412 |   259 |   206 |   338 |  1655 ||  3205
       Whip              |       |       |   310 |   813 |  1111 |   567 |       |       |       ||  2801
       Unarmed           |       |       |       |     6 |       |       |       |       |       ||     6
       War axe           |       |       |       |       |       |   106 |   173 |    26 |   622 ||   927
       Eveningstar       |       |       |       |       |       |    91 |   458 |   976 |  4840 ||  6365
 Fire: Hunting sling     |       |       |     3 |       |   327 |   995 |   840 |   313 |  1385 ||  3863
       Hand crossbow     |       |       |       |       |       |       |       |       |   451 ||   451
Throw: Throwing net      |       |       |       |       |     1 |       |       |       |     6 ||     7
       Javelin           |       |       |       |       |       |       |     2 |     1 |     3 ||     6
Invok: Summon Divine War |       |       |       |       |     3 |     3 |     4 |     1 |    46 ||    57
       Divine Shield     |       |       |       |       |     1 |       |       |     1 |     8 ||    10
       Cleansing Flame   |       |       |       |       |       |       |       |       |    31 ||    31
 Abil: Evoke Flight      |       |       |       |       |     1 |     5 |       |    10 |     4 ||    20
       Stop Flying       |       |       |       |       |       |     5 |       |    11 |     4 ||    20
       Blink             |       |       |       |       |       |       |       |       |     1 ||     1
Evoke: Wand              |       |       |       |       |       |       |       |       |     2 ||     2
       Phantom mirror    |       |       |       |       |       |       |       |       |     1 ||     1
  Use: Scroll            |       |       |     2 |     6 |    16 |    16 |     3 |     3 |    32 ||    78
       Potion            |       |       |       |       |     8 |     6 |       |       |    14 ||    28
Armor: Ring mail         |    24 |       |       |       |       |       |       |       |       ||    24
       Leather armour    |     1 |       |       |       |       |       |       |       |       ||     1
       Chain mail        |     1 |    44 |    82 |    78 |       |       |       |       |       ||   205
       Gold dragon scale |       |       |       |    79 |   345 |   274 |   152 |   245 |  1363 ||  2458
       Skin              |       |       |       |     2 |       |       |       |       |       ||     2
Dodge: Dodged            |    66 |    23 |    83 |   147 |   161 |   228 |   123 |   287 |  2774 ||  3892
Block: Tower shield      |       |    57 |   307 |   688 |  1091 |  1289 |   603 |       |       ||  4035
       Reflection        |       |       |       |       |    16 |    80 |   151 |    19 |       ||   266
       Kite shield       |       |       |       |       |       |       |   207 |   740 |  4599 ||  5546
       Rpst.: Long sword |    18 |     7 |       |       |       |       |       |       |       ||    25

Table legend: (Time is in decaauts)
 A = Elapsed time spent in this place.
 B = Non-inter-level travel time spent in this place.
 C = Inter-level travel time spent in this place.
 D = Time resting spent in this place.
 E = Time spent auto-exploring this place.
 F = Levels seen in this place.
 G = Mean time per level.
                   A        B        C        D        E       F      G
               +--------+--------+--------+--------+--------+-----+--------+
         Total | 109010 | 103818 |   5192 |  21081 |   4456 | 118 |  923.8 |
       Dungeon |  21635 |  19958 |   1677 |   6061 |   2823 |  15 | 1442.3 |
          Lair |   7653 |   6953 |    700 |   1589 |    232 |   6 | 1275.5 |
        Shoals |   6105 |   6105 |      0 |   2306 |    270 |   4 | 1526.2 |
   Spider Nest |   3183 |   3118 |     65 |    753 |      0 |   4 |  795.8 |
    Slime Pits |   2559 |   2388 |    171 |    239 |      0 |   5 |  511.8 |
  Orcish Mines |   2181 |   2021 |    160 |    695 |      0 |   2 | 1090.5 |
   Elven Halls |   6730 |   6318 |    412 |   1641 |    152 |   3 | 2243.3 |
        Vaults |   9576 |   8783 |    793 |   1070 |     70 |   5 | 1915.2 |
         Crypt |   3168 |   3011 |    157 |    363 |     83 |   3 | 1056.0 |
          Tomb |   1336 |   1336 |      0 |    425 |      0 |   2 |  668.0 |
        Depths |  10043 |   9170 |    873 |   1232 |    167 |   5 | 2008.6 |
          Hell |    958 |    940 |     18 |    141 |      0 |   1 |  958.0 |
           Dis |   2047 |   2047 |      0 |    166 |      0 |   6 |  341.2 |
       Gehenna |   1925 |   1925 |      0 |    237 |     12 |   7 |  275.0 |
       Cocytus |   2722 |   2701 |     21 |    245 |     23 |   7 |  388.9 |
      Tartarus |   1825 |   1825 |      0 |    137 |      0 |   7 |  260.7 |
           Zot |   5574 |   5433 |    141 |    317 |     61 |   4 | 1393.5 |
         Abyss |   2633 |   2633 |      0 |    351 |      3 |   5 |  526.6 |
   Pandemonium |  12162 |  12162 |      0 |   1596 |    390 |  21 |  579.1 |
         Trove |    214 |    214 |      0 |      0 |      0 |   1 |  214.0 |
        Bailey |    546 |    546 |      0 |    200 |      0 |   1 |  546.0 |
      Ice Cave |    767 |    767 |      0 |    352 |      0 |   1 |  767.0 |
        Wizlab |   1012 |   1012 |      0 |     55 |    169 |   1 | 1012.0 |
    Desolation |   1081 |   1081 |      0 |    115 |      0 |   1 | 1081.0 |
      Gauntlet |   1366 |   1366 |      0 |    790 |      0 |   1 | 1366.0 |
               +--------+--------+--------+--------+--------+-----+--------+

Top non-repeatable levels by time:
   Elf:1: 2773 daAuts
Depths:2: 2676 daAuts
Vaults:4: 2490 daAuts
   Elf:2: 2357 daAuts
Depths:4: 2333 daAuts
Vaults:1: 2088 daAuts
Depths:3: 2080 daAuts
   Coc:7: 2018 daAuts
    D:14: 2016 daAuts
Vaults:3: 1972 daAuts
   Zot:3: 1805 daAuts
Shoals:4: 1787 daAuts
Vaults:2: 1774 daAuts
    D:12: 1767 daAuts
Shoals:3: 1750 daAuts
